Workbook
Name Active_ECMs: CHOOSE({1,2,3,4}, 'User Inputs'!$B$34, 'User Inputs'!$D$34, 'User Inputs'!$F$34, 'User Inputs'!$H$34 )

Sheet Instructions
A3: USER INSTRUCTIONS
A4: This calculator is for FY27 Commercial & Community Buildings Grant Program applications. This calculator can be used to quantify the energy savings, cost savings, grant amounts, GHG emissions, and GHG reduction investment for proposed projects. Each building is eligible for only ONE grant application and ONE associated calculator. Applicants may submit a separate application and calculator for each additional building. This calculator is designed for use in Microsoft Excel. The calculator has three tabs for users: 'User Inputs' , 'Budget & Timeline', and 'Calculated Metrics'. Guidance on their use is provided below. Two other tabs are for reference only. Questions? Write to MEA at CommercialCommunity.MEA@maryland.gov
A6: USER INPUTS
A7: Section | B7: Description
A8: 1. Project Information | B8: Enter basic project details, including applicant information, building characteristics, and applicable Energy Conservation Measures (ECMs). Select the number of ECMs to display the corresponding ECM input fields. For projects requesting more than four ECMs, please contact commercialcommunity.mea@maryland.gov to request a version of the calculator that supports additional ECMs.
A9: 2. Baseline Energy Consumption | B9: Enter the building’s annual baseline energy consumption for electricity, natural gas, propane, Fuel Oil No. 2, and coal as applicable
A10: 3. Utility Rates | B10: Standardized values are used as default utility rates to determine projected costs
A11: 4. Proposed Measures | B11: Select the applicable electrification and energy efficiency measure(s). Eligible measures are listed on the "Embedded Values" tab, designated as Core, Tandem, or Standalone. A Core measure must be included in a project for a Tandem measure to be eligible. Standalone measures are eligible on their own. Only Local Government and PreK-12 Public School projects are eligible to apply for the Lighting measures. Commercial Buildings are not eligible for the Solar incentive.
A12: 5. Projected Energy Savings | B12: Enter the estimated annual energy savings for each selected ECM, including electricity, natural gas, propane, Fuel Oil No. 2 savings, and coal as applicable
A13: 6. Projected Costs | B13: Enter project costs for each selected ECM
A14: 7. Proposed Solar PV System | B14: For projects that include Solar PV, enter the proposed system size, ownership, estimated annual electricity production, total project cost, and requested grant amount for each applicable installation type
A15: 8. Solar PV Grant Request Validation | B15: Review the Solar PV validation results to confirm that the requested grant amount complies with the applicable MEA $/kW incentive rate and project cost share limit for each proposed installation type
A16: 9. Key Metrics | B16: Provides an at-a-glance summary of key metrics, eliminating the need to switch between tabs Total MEA Grant Request: The calculated Total MEA Grant Request represents the amount for which the project may qualify based on the applicable program requirements and applicant-entered information. It does not represent a final grant award.
A18: BUDGET & TIMELINE
A19: Section | B19: Description
A20: 1. Funding Sources | B20: Enter all project funding sources
A21: 2. Funding Uses | B21: Enter the estimated project costs, including the proposed use of grant funds and other eligible project expenses
A22: 3. Timeline | B22: Review the project timeline and enter the expected completion date for each applicable project milestone
A24: CALCULATED METRICS
A25: Section | B25: Description
A26: 1. Projected Energy Consumption | B26: Displays projected post-project energy consumption based on baseline consumption as impacted by eligible ECM savings or increases, and applicable Solar production
A27: 2. Projected Costs | B27: Displays eligible project costs based on the ECM and applicable Solar project costs entered in the User Inputs tab
A28: 3. Projected Savings | B28: Displays projected annual energy and utility cost savings based on eligible ECM impacts and applicable Solar production
A29: 4. Funding Impact | B29: Displays applicable incentive rates, calculated grant amounts, and applicable Solar PV funding metrics
A30: 5. Carbon Impact | B30: Displays the estimated annual greenhouse gas (GHG) emissions reductions associated with the projected energy savings using emissions factors from the “Embedded Values” tab

Sheet User Inputs
A3: USER INPUTS * Fields marked with an asterisk are required. Each building is eligible for only ONE grant application and ONE associated calculator.
A5: PROJECT INFORMATION
A6: Enter project-level information in the highlighted cells.
A8: Grantee/ Organization Name* | C8: Project Name* | E8: Project County* | G8: Maryland Benchmarking ID (UBID - Unique Building ID )* | I8: Montgomery County Benchmarking ID (MBID)*
A10: Building Type* | C10: Building Square Footage* | E10: Number of ECMs not including Solar* | G10: What type of Solar PV does this project include?*
A12: Is this building covered by BEPS?* | C12: Click here to check if your building is covered by State BEPS
C13: Click here to check if your building is covered by Montgomery County BEPS
C14: Click here to check if your PreK-12 Public School is covered by the ENOUGH Act
C15: Click here to check if your PreK-12 Public School is located in an Overburdened Census Tract
A17: Brief Project Description* (250 Character Limit )
A19: EXISTING CONDITIONS
A20: BASELINE ENERGY CONSUMPTION
A21: Enter current annual energy consumption for each applicable fuel type in the highlighted cells. Users must enter zero for fuel types that are not relevant to the facility. All energy consumption data should reflect the entire building's annual energy use.
A23: Electricity Consumption (kWh/year) | C23: Natural Gas Consumption (therms/year) | E23: Propane Consumption (gallons/year) | G23: Fuel Oil #2 Consumption (gallons/year) | I23: Coal Consumption (tons/year)
A25: UTILITY RATES
A26: Default utility rates are automatically populated using current standardized values.
A28: Electricity ($/kWh) | B28: ='Embedded Values'!$D$13 -> 0.1819 | C28: Natural Gas ($/therm) | D28: ='Embedded Values'!$D$14 -> 0.7717 | E28: Propane ($/gallon) | F28: ='Embedded Values'!$D$15 -> 1.22 | G28: Fuel Oil #2 ($/gallon) | H28: ='Embedded Values'!$D$16 -> 4.612 | I28: Coal ($/ton) | J28: ='Embedded Values'!$D$17 -> 95.93
A30: ELECTRIFICATION AND ENERGY EFFICIENCY
A31: PROPOSED MEASURES
A32: Select the applicable electrification and energy efficiency measure(s) below. Solar photovoltaic (PV) measures are entered separately in the Solar Measures section. If you need to include more than four ECMs, you can request a version of the calculator that contains space for additional ECMs
A34: ECM 1. | C34: ECM 2. | E34: ECM 3. | G34: ECM 4. | I34: =IF( $F$10=0, "Energy measures do not apply to this project application."&CHAR(10)&"↓ Scroll down to next section ↓", IF( 'Dev. Notes'!$C$94, "⚠ Not Standalone measure(s): Tandem measures require an eligible Core measure.", IF( 'Dev. Notes'!$C$100, "⚠ This building type is ineligible for the highlighted ECM(s).", "" ) ) ) -> Energy measures do not apply to this project application. ↓ Scroll down to next section ↓
A36: PROJECTED ENERGY SAVINGS
A37: Enter the expected annual energy savings for each ECM in the highlighted cells. Only enter data for fuel types relevant to the facility. Enter savings as positive values and increases as negative values. If a project is expected to result in an increase in electricity usage, enter the increase as a negative value.
A39: Electricity Savings | B39: kWh/year | C39: Natural Gas Savings | D39: therms/year | E39: Propane Savings | F39: gallons/year | G39: Fuel Oil Savings | H39: gallons/year | I39: Coal Savings | J39: tons/year
A41: =IF($B$34="[Select an ECM from the dropdown list]", "", $A$34&" "&$B$34 ) -> ECM 1. | C41: =$A$41 -> ECM 1. | E41: =$A$41 -> ECM 1. | G41: =$A$41 -> ECM 1. | I41: =$A$41 -> ECM 1.
A43: =IF($D$34="[Select an ECM from the dropdown list]", "", $C$34&" "&$D$34 ) -> ECM 2. | C43: =$A$43 -> ECM 2. | E43: =$A$43 -> ECM 2. | G43: =$A$43 -> ECM 2. | I43: =$A$43 -> ECM 2.
A45: =IF($F$34="[Select an ECM from the dropdown list]", "", $E$34&" "&$F$34 ) -> ECM 3. | C45: =$A$45 -> ECM 3. | E45: =$A$45 -> ECM 3. | G45: =$A$45 -> ECM 3. | I45: =$A$45 -> ECM 3.
A47: =IF($H$34="[Select an ECM from the dropdown list]", "", $G$34&" "&$H$34 ) -> ECM 4. | C47: =$A$47 -> ECM 4. | E47: =$A$47 -> ECM 4. | G47: =$A$47 -> ECM 4. | I47: =$A$47 -> ECM 4.
A49: PROJECTED COSTS
A50: Enter project costs for each selected ECM in the corresponding highlighted cells.
A52: =$A$41 -> ECM 1. | C52: =$A$43 -> ECM 2. | E52: =$A$45 -> ECM 3. | G52: =$A$47 -> ECM 4.
A54: SOLAR
A55: PROPOSED SOLAR PV SYSTEM
A56: Complete this section only for projects that include a solar PV installation. Enter the proposed system size, ownership, estimated annual electricity production, total project cost, and requested grant amount for each applicable installation type.
A57: GROUNDMOUNT OR ROOFTOP INSTALLATION
A58: Proposed Solar PV System Size (kW) | C58: Type of Ownership | E58: Estimated Annual Electricity Production (kWh/year) | G58: Solar PV System Total Project Costs | I58: Solar PV Requested Grant Amount
A59: =IF( $B$10='Dev. Notes'!$B$17, "Solar PV is not applicable to Commercial Buildings.", IF( $H$10='Dev. Notes'!$B$4, "No Solar PV in this project.", "SOLAR CANOPY INSTALLATION" ) ) -> SOLAR CANOPY INSTALLATION
A60: Proposed Solar PV System Size (kW) | C60: Type of Ownership | E60: Estimated Annual Electricity Production (kWh/year) | G60: Solar PV System Total Project Costs | I60: Solar PV Requested Grant Amount
A62: SOLAR PV COST VALIDATION
A63: The calculator automatically determines the requested grant amount per kW and verifies that the requested grant complies with the applicable MEA incentive rate and project cost share limit.
A64: GROUNDMOUNT OR ROOFTOP INSTALLATION
A65: {=IFERROR( _xlfn.LET( _xlpm.requestedPerKW,IFERROR(--$J$65,0), _xlpm.requestedGrant,IFERROR(--$J$58,0), _xlpm.projectCost,IFERROR(--$H$58,0), _xlpm.ownership,$D$58, _xlpm.building,$B$10, _xlpm.srow, _xlfn.SWITCH( _xlpm.building, 'Dev. Notes'!$B$18,ROW('MEA Incentives'!$A$40), 'Dev. Notes'!$B$19,ROW('MEA Incentives'!$A$48), 'Dev. Notes'!$B$20,ROW('MEA Incentives'!$A$56), 'Dev. Notes'!$B$21,ROW('MEA Incentives'!$A$56), 0 ), _xlpm.rateCol, IF( _xlpm.ownership='Dev. Notes'!$B$28, 2, IF( _xlpm.ownership='Dev. Notes'!$B$29, 3, 0 ) ), _xlpm.capRow, IF( _xlpm.srow=0, 0, _xlpm.srow+5 ), _xlpm.allowedRate, IFERROR(--'Dev. Notes'!$C$41,0), _xlpm.allowedPct, IF( OR(_xlpm.capRow=0,_xlpm.rateCol=0), 0, IFERROR( INDEX( 'MEA Incentives'!$A:$D, _xlpm.capRow, _xlpm.rateCol ), 0 ) ), _xlpm.requestedPct, IFERROR( _xlpm.requestedGrant/_xlpm.projectCost, 0 ), _xlpm.overRate, _xlpm.requestedPerKW>_xlpm.allowedRate, _xlpm.overPct, _xlpm.requestedPct>_xlpm.allowedPct, IF( _xlpm.building='Dev. Notes'!$B$17, "", IF( OR( $H$10='Dev. Notes'!$B$4, $H$10='Dev. Notes'!$B$6 ), "No Ground Mount/Rooftop Solar PV in this project.", IF( OR( _xlpm.requestedPerKW<=0, _xlpm.requestedGrant<=0, _xlpm.projectCost<=0, _xlpm.allowedRate<=0, _xlpm.allowedPct<=0 ), "", IF( AND(_xlpm.overRate,_xlpm.overPct), "Solar PV Requested Grant Amount exceeds both the MEA rate cap of $"& TEXT(_xlpm.allowedRate,"#,##0")& "/kW and the project cost share cap of "& TEXT(_xlpm.allowedPct,"0%")&".", IF( _xlpm.overRate, "Solar PV Requested Grant Amount of $"& TEXT(_xlpm.requestedPerKW,"#,##0")& "/kW exceeds the MEA rate cap of $"& TEXT(_xlpm.allowedRate,"#,##0")& "/kW.", IF( _xlpm.overPct, "Solar PV Requested Grant Amount represents "& TEXT(_xlpm.requestedPct,"0%")& " of the Solar PV System Total Project Costs and exceeds the project cost share cap of "& TEXT(_xlpm.allowedPct,"0%")&".", "Solar PV Requested Grant Amount of $"& TEXT(_xlpm.requestedPerKW,"#,##0")& "/kW is within the MEA rate cap of $"& TEXT(_xlpm.allowedRate,"#,##0")& "/kW and the project cost share cap of "& TEXT(_xlpm.allowedPct,"0%")&"." ) ) ) ) ) ) ), "")} | I65: Solar PV Requested Grant Amount per kW | J65: =IFERROR( IF( OR( $B$10='Dev. Notes'!$B$17, $H$10='Dev. Notes'!$B$4, $H$10='Dev. Notes'!$B$6, $B$58<=0, $J$58="" ), "", $J$58/$B$58 ), "" )
A66: =IF( $B$10='Dev. Notes'!$B$17, "Solar PV is not applicable to Commercial Buildings.", IF( $H$10='Dev. Notes'!$B$4, "No Solar PV in this project.", "SOLAR CANOPY INSTALLATION" ) ) -> SOLAR CANOPY INSTALLATION
A67: {=IFERROR( _xlfn.LET( _xlpm.requestedPerKW,IFERROR(--$J$67,0), _xlpm.requestedGrant,IFERROR(--$J$60,0), _xlpm.projectCost,IFERROR(--$H$60,0), _xlpm.ownership,$D$60, _xlpm.building,$B$10, _xlpm.srow, _xlfn.SWITCH( _xlpm.building, 'Dev. Notes'!$B$18,ROW('MEA Incentives'!$A$40), 'Dev. Notes'!$B$19,ROW('MEA Incentives'!$A$48), 'Dev. Notes'!$B$20,ROW('MEA Incentives'!$A$56), 'Dev. Notes'!$B$21,ROW('MEA Incentives'!$A$56), 0 ), _xlpm.rateCol, IF( _xlpm.ownership='Dev. Notes'!$B$28, 2, IF( _xlpm.ownership='Dev. Notes'!$B$29, 3, 0 ) ), _xlpm.capRow, IF( _xlpm.srow=0, 0, _xlpm.srow+5 ), _xlpm.allowedRate, IFERROR(--'Dev. Notes'!$C$42,0), _xlpm.allowedPct, IF( OR(_xlpm.capRow=0,_xlpm.rateCol=0), 0, IFERROR( INDEX( 'MEA Incentives'!$A:$D, _xlpm.capRow, _xlpm.rateCol ), 0 ) ), _xlpm.requestedPct, IFERROR( _xlpm.requestedGrant/_xlpm.projectCost, 0 ), _xlpm.overRate, _xlpm.requestedPerKW>_xlpm.allowedRate, _xlpm.overPct, _xlpm.requestedPct>_xlpm.allowedPct, IF( _xlpm.building='Dev. Notes'!$B$17, "", IF( OR( $H$10='Dev. Notes'!$B$4, $H$10='Dev. Notes'!$B$5 ), "No Solar Canopy PV in this project.", IF( OR( _xlpm.requestedPerKW<=0, _xlpm.requestedGrant<=0, _xlpm.projectCost<=0, _xlpm.allowedRate<=0, _xlpm.allowedPct<=0 ), "", IF( AND(_xlpm.overRate,_xlpm.overPct), "Solar PV Requested Grant Amount exceeds both the MEA rate cap of $"& TEXT(_xlpm.allowedRate,"#,##0")& "/kW and the project cost share cap of "& TEXT(_xlpm.allowedPct,"0%")&".", IF( _xlpm.overRate, "Solar PV Requested Grant Amount of $"& TEXT(_xlpm.requestedPerKW,"#,##0")& "/kW exceeds the MEA rate cap of $"& TEXT(_xlpm.allowedRate,"#,##0")& "/kW.", IF( _xlpm.overPct, "Solar PV Requested Grant Amount represents "& TEXT(_xlpm.requestedPct,"0%")& " of the Solar PV System Total Project Costs and exceeds the project cost share cap of "& TEXT(_xlpm.allowedPct,"0%")&".", "Solar PV Requested Grant Amount of $"& TEXT(_xlpm.requestedPerKW,"#,##0")& "/kW is within the MEA rate cap of $"& TEXT(_xlpm.allowedRate,"#,##0")& "/kW and the project cost share cap of "& TEXT(_xlpm.allowedPct,"0%")&"." ) ) ) ) ) ) ), "")} | I67: Solar PV Requested Grant Amount per kW | J67: =IFERROR( IF( OR( $B$10='Dev. Notes'!$B$17, $H$10='Dev. Notes'!$B$4, $H$10='Dev. Notes'!$B$5, $B$60<=0, $J$60="" ), "", $J$60/$B$60 ), "" )
A69: KEY METRICS
A70: This section summarizes the energy use intensity, savings, payback period, and total grant funding calculated on the next tab.
A72: Current Energy Use Intensity [EUI] (kBTU/ft2) | B72: =IF( $D$10="", "Enter floor area in cell D10", IF( NOT(ISNUMBER($D$10)), "Enter a number in cell D10", IF( $D$10<=0, "Floor area in cell D10 must be > 0", IF( OR( $B$23="", $D$23="", $F$23="", $H$23="", $J$23="", NOT(ISNUMBER($B$23)), NOT(ISNUMBER($D$23)), NOT(ISNUMBER($F$23)), NOT(ISNUMBER($H$23)), NOT(ISNUMBER($J$23)), $B$23<0, $D$23<0, $F$23<0, $H$23<0, $J$23<0 ), "Check fuel inputs in row 23", ( ($B$23*'Embedded Values'!$D$38)+ ($D$23*'Embedded Values'!$D$39)+ ($F$23*'Embedded Values'!$D$40)+ ($H$23*'Embedded Values'!$D$41)+ ($J$23*'Embedded Values'!$D$42) )/$D$10 ) ) ) ) -> Enter floor area in cell D10 | C72: Projected Energy Use Intensity [EUI] (kBTU/ft2) | D72: =IF( 'User Inputs'!$D$10="", "Enter floor area in cell D10", IF( 'User Inputs'!$D$10<=0, "Floor area in cell D10 must be > 0", IFERROR( ( IFERROR('Calculated Metrics'!$B$8*'Embedded Values'!$D$38,0) +IFERROR('Calculated Metrics'!$D$8*'Embedded Values'!$D$39,0) +IFERROR('Calculated Metrics'!$F$8*'Embedded Values'!$D$40,0) +IFERROR('Calculated Metrics'!$H$8*'Embedded Values'!$D$41,0) +IFERROR('Calculated Metrics'!$J$8*'Embedded Values'!$D$42,0) ) /'User Inputs'!$D$10, "" ) ) ) -> Enter floor area in cell D10 | E72: Annual Cost Savings ($/year) | F72: ='Calculated Metrics'!$H$18 -> Add ECMs or Solar in cell F10 or H10 | G72: Simple Payback Period (years) | H72: ='Calculated Metrics'!$J$18 -> Add ECMs or Solar in cell F10 or H10 | I72: Total MEA Grant Request | J72: ='Calculated Metrics'!$F$32 -> Select building type in cell B10 of user inputs

Sheet Budget & Timeline
A3: PROJECT BUDGET AND TIMELINE
A4: Fill out the budget and timeline tables to the best of your knowledge and ability. Estimations are acceptable. Add lines in the tables where needed. Be sure to account for the total project cost, which includes the requested MEA grant and all other sources and uses of funds.
A6: Organization Name | B6: =IF('User Inputs'!$B$8="","",'User Inputs'!$B$8) | C6: Project Description | D6: =IFERROR(IF('User Inputs'!$B$17="","",'User Inputs'!$B$17),"")
A8: FUNDING SOURCES
A9: Enter other sources and amounts of funding for this project, such as utility rebates or grants, which will be stacked along with the MEA grant. The grant value calculated indicates the requested amount for which this project may qualify, not the final award amount.
A10: Source | C10: Amount | E10: Percentage of Source Funds
E11: =IFERROR(C11/$C$19,0) -> 0
E12: =IFERROR(C12/$C$19,0) -> 0
E13: =IFERROR(C13/$C$19,0) -> 0
E14: =IFERROR(C14/$C$19,0) -> 0
E15: =IFERROR(C15/$C$19,0) -> 0
E16: =IFERROR(C16/$C$19,0) -> 0
E17: =IFERROR(C17/$C$19,0) -> 0
A18: MEA Commercial & Community Buildings Grant | C18: ='Calculated Metrics'!$F$32 -> Select building type in cell B10 of user inputs | E18: =IFERROR(C18/$C$19,0) -> 0
A19: TOTAL | C19: =SUM($C$11:$D$18) -> 0 | E19: =SUM($E$11:$F$18) -> 0
A21: FUNDING USES
A22: Line Item | C22: Source of Estimate | E22: Cost
A31: TOTAL | E31: =SUM($E$23:$E$30) -> 0
A33: TIMELINE
A34: Project Milestone | C34: Expected Completion Date
A35: Award Notice from MEA
A36: Pre-Implementation
A37: Design Completion
A38: Materials on Site
A39: Project Completion
A40: Final Report Submitted to MEA

Sheet Calculated Metrics
A3: CALCULATED METRICS
A4: This tab is only for viewing calculator outputs. No inputs are to be made here.
A6: PROJECTED ENERGY CONSUMPTION
A8: Electricity Consumption (kWh/year) | B8: =_xlfn.LET( _xlpm.baseline,IFERROR(--'User Inputs'!$B$23,0), _xlpm.ecmOne,IF( 'User Inputs'!$F$10>=1, IFERROR( AND( OR( INDEX('Embedded Values'!$F$22:$F$34,MATCH('User Inputs'!$B$34,'Embedded Values'!$B$22:$B$34,0))="All", ISNUMBER(SEARCH(";"&'User Inputs'!$B$10&";",";"&SUBSTITUTE(INDEX('Embedded Values'!$F$22:$F$34,MATCH('User Inputs'!$B$34,'Embedded Values'!$B$22:$B$34,0)),"; ",";")&";")) ), OR( INDEX('Embedded Values'!$E$22:$E$34,MATCH('User Inputs'!$B$34,'Embedded Values'!$B$22:$B$34,0))<>"Tandem", 'Dev. Notes'!$C$93=TRUE ) ), FALSE )*IFERROR(--'User Inputs'!$B$41,0), 0 ), _xlpm.ecmTwo,IF( 'User Inputs'!$F$10>=2, IFERROR( AND( OR( INDEX('Embedded Values'!$F$22:$F$34,MATCH('User Inputs'!$D$34,'Embedded Values'!$B$22:$B$34,0))="All", ISNUMBER(SEARCH(";"&'User Inputs'!$B$10&";",";"&SUBSTITUTE(INDEX('Embedded Values'!$F$22:$F$34,MATCH('User Inputs'!$D$34,'Embedded Values'!$B$22:$B$34,0)),"; ",";")&";")) ), OR( INDEX('Embedded Values'!$E$22:$E$34,MATCH('User Inputs'!$D$34,'Embedded Values'!$B$22:$B$34,0))<>"Tandem", 'Dev. Notes'!$C$93=TRUE ) ), FALSE )*IFERROR(--'User Inputs'!$B$43,0), 0 ), _xlpm.ecmThree,IF( 'User Inputs'!$F$10>=3, IFERROR( AND( OR( INDEX('Embedded Values'!$F$22:$F$34,MATCH('User Inputs'!$F$34,'Embedded Values'!$B$22:$B$34,0))="All", ISNUMBER(SEARCH(";"&'User Inputs'!$B$10&";",";"&SUBSTITUTE(INDEX('Embedded Values'!$F$22:$F$34,MATCH('User Inputs'!$F$34,'Embedded Values'!$B$22:$B$34,0)),"; ",";")&";")) ), OR( INDEX('Embedded Values'!$E$22:$E$34,MATCH('User Inputs'!$F$34,'Embedded Values'!$B$22:$B$34,0))<>"Tandem", 'Dev. Notes'!$C$93=TRUE ) ), FALSE )*IFERROR(--'User Inputs'!$B$45,0), 0 ), _xlpm.ecmFour,IF( 'User Inputs'!$F$10>=4, IFERROR( AND( OR( INDEX('Embedded Values'!$F$22:$F$34,MATCH('User Inputs'!$H$34,'Embedded Values'!$B$22:$B$34,0))="All", ISNUMBER(SEARCH(";"&'User Inputs'!$B$10&";",";"&SUBSTITUTE(INDEX('Embedded Values'!$F$22:$F$34,MATCH('User Inputs'!$H$34,'Embedded Values'!$B$22:$B$34,0)),"; ",";")&";")) ), OR( INDEX('Embedded Values'!$E$22:$E$34,MATCH('User Inputs'!$H$34,'Embedded Values'!$B$22:$B$34,0))<>"Tandem", 'Dev. Notes'!$C$93=TRUE ) ), FALSE )*IFERROR(--'User Inputs'!$B$47,0), 0 ), _xlpm.solarProduction, IF( 'User Inputs'!$B$10='Dev. Notes'!$B$17, 0, IF( OR( 'User Inputs'!$H$10='Dev. Notes'!$B$5, 'User Inputs'!$H$10="Both" ), IFERROR(--'User Inputs'!$F$58,0), 0 ) + IF( OR( 'User Inputs'!$H$10='Dev. Notes'!$B$6, 'User Inputs'!$H$10="Both" ), IFERROR(--'User Inputs'!$F$60,0), 0 ) ), _xlpm.baseline-_xlpm.ecmOne-_xlpm.ecmTwo-_xlpm.ecmThree-_xlpm.ecmFour-_xlpm.solarProduction ) -> 0 | C8: Natural Gas Consumption (therms/year) | D8: ='User Inputs'!$D$23- SUM( IF( 'User Inputs'!$F$10>=1, IFERROR( AND( OR( INDEX('Embedded Values'!$F$22:$F$34,MATCH('User Inputs'!$B$34,'Embedded Values'!$B$22:$B$34,0))="All", ISNUMBER(SEARCH(";"&'User Inputs'!$B$10&";",";"&SUBSTITUTE(INDEX('Embedded Values'!$F$22:$F$34,MATCH('User Inputs'!$B$34,'Embedded Values'!$B$22:$B$34,0)),"; ",";")&";")) ), OR( INDEX('Embedded Values'!$E$22:$E$34,MATCH('User Inputs'!$B$34,'Embedded Values'!$B$22:$B$34,0))<>"Tandem", 'Dev. Notes'!$C$93=TRUE ) )*IFERROR(--'User Inputs'!$D$41,0), 0 ), 0 ), IF( 'User Inputs'!$F$10>=2, IFERROR( AND( OR( INDEX('Embedded Values'!$F$22:$F$34,MATCH('User Inputs'!$D$34,'Embedded Values'!$B$22:$B$34,0))="All", ISNUMBER(SEARCH(";"&'User Inputs'!$B$10&";",";"&SUBSTITUTE(INDEX('Embedded Values'!$F$22:$F$34,MATCH('User Inputs'!$D$34,'Embedded Values'!$B$22:$B$34,0)),"; ",";")&";")) ), OR( INDEX('Embedded Values'!$E$22:$E$34,MATCH('User Inputs'!$D$34,'Embedded Values'!$B$22:$B$34,0))<>"Tandem", 'Dev. Notes'!$C$93=TRUE ) )*IFERROR(--'User Inputs'!$D$43,0), 0 ), 0 ), IF( 'User Inputs'!$F$10>=3, IFERROR( AND( OR( INDEX('Embedded Values'!$F$22:$F$34,MATCH('User Inputs'!$F$34,'Embedded Values'!$B$22:$B$34,0))="All", ISNUMBER(SEARCH(";"&'User Inputs'!$B$10&";",";"&SUBSTITUTE(INDEX('Embedded Values'!$F$22:$F$34,MATCH('User Inputs'!$F$34,'Embedded Values'!$B$22:$B$34,0)),"; ",";")&";")) ), OR( INDEX('Embedded Values'!$E$22:$E$34,MATCH('User Inputs'!$F$34,'Embedded Values'!$B$22:$B$34,0))<>"Tandem", 'Dev. Notes'!$C$93=TRUE ) )*IFERROR(--'User Inputs'!$D$45,0), 0 ), 0 ), IF( 'User Inputs'!$F$10>=4, IFERROR( AND( OR( INDEX('Embedded Values'!$F$22:$F$34,MATCH('User Inputs'!$H$34,'Embedded Values'!$B$22:$B$34,0))="All", ISNUMBER(SEARCH(";"&'User Inputs'!$B$10&";",";"&SUBSTITUTE(INDEX('Embedded Values'!$F$22:$F$34,MATCH('User Inputs'!$H$34,'Embedded Values'!$B$22:$B$34,0)),"; ",";")&";")) ), OR( INDEX('Embedded Values'!$E$22:$E$34,MATCH('User Inputs'!$H$34,'Embedded Values'!$B$22:$B$34,0))<>"Tandem", 'Dev. Notes'!$C$93=TRUE ) )*IFERROR(--'User Inputs'!$D$47,0), 0 ), 0 ) ) -> 0 | E8: Propane Consumption (gallons/year) | F8: ='User Inputs'!$F$23- SUM( IF( 'User Inputs'!$F$10>=1, IFERROR( AND( OR( INDEX('Embedded Values'!$F$22:$F$34,MATCH('User Inputs'!$B$34,'Embedded Values'!$B$22:$B$34,0))="All", ISNUMBER(SEARCH(";"&'User Inputs'!$B$10&";",";"&SUBSTITUTE(INDEX('Embedded Values'!$F$22:$F$34,MATCH('User Inputs'!$B$34,'Embedded Values'!$B$22:$B$34,0)),"; ",";")&";")) ), OR( INDEX('Embedded Values'!$E$22:$E$34,MATCH('User Inputs'!$B$34,'Embedded Values'!$B$22:$B$34,0))<>"Tandem", 'Dev. Notes'!$C$93=TRUE ) )*IFERROR(--'User Inputs'!$F$41,0), 0 ), 0 ), IF( 'User Inputs'!$F$10>=2, IFERROR( AND( OR( INDEX('Embedded Values'!$F$22:$F$34,MATCH('User Inputs'!$D$34,'Embedded Values'!$B$22:$B$34,0))="All", ISNUMBER(SEARCH(";"&'User Inputs'!$B$10&";",";"&SUBSTITUTE(INDEX('Embedded Values'!$F$22:$F$34,MATCH('User Inputs'!$D$34,'Embedded Values'!$B$22:$B$34,0)),"; ",";")&";")) ), OR( INDEX('Embedded Values'!$E$22:$E$34,MATCH('User Inputs'!$D$34,'Embedded Values'!$B$22:$B$34,0))<>"Tandem", 'Dev. Notes'!$C$93=TRUE ) )*IFERROR(--'User Inputs'!$F$43,0), 0 ), 0 ), IF( 'User Inputs'!$F$10>=3, IFERROR( AND( OR( INDEX('Embedded Values'!$F$22:$F$34,MATCH('User Inputs'!$F$34,'Embedded Values'!$B$22:$B$34,0))="All", ISNUMBER(SEARCH(";"&'User Inputs'!$B$10&";",";"&SUBSTITUTE(INDEX('Embedded Values'!$F$22:$F$34,MATCH('User Inputs'!$F$34,'Embedded Values'!$B$22:$B$34,0)),"; ",";")&";")) ), OR( INDEX('Embedded Values'!$E$22:$E$34,MATCH('User Inputs'!$F$34,'Embedded Values'!$B$22:$B$34,0))<>"Tandem", 'Dev. Notes'!$C$93=TRUE ) )*IFERROR(--'User Inputs'!$F$45,0), 0 ), 0 ), IF( 'User Inputs'!$F$10>=4, IFERROR( AND( OR( INDEX('Embedded Values'!$F$22:$F$34,MATCH('User Inputs'!$H$34,'Embedded Values'!$B$22:$B$34,0))="All", ISNUMBER(SEARCH(";"&'User Inputs'!$B$10&";",";"&SUBSTITUTE(INDEX('Embedded Values'!$F$22:$F$34,MATCH('User Inputs'!$H$34,'Embedded Values'!$B$22:$B$34,0)),"; ",";")&";")) ), OR( INDEX('Embedded Values'!$E$22:$E$34,MATCH('User Inputs'!$H$34,'Embedded Values'!$B$22:$B$34,0))<>"Tandem", 'Dev. Notes'!$C$93=TRUE ) )*IFERROR(--'User Inputs'!$F$47,0), 0 ), 0 ) ) -> 0 | G8: Fuel Oil #2 Consumption (gallons/year) | H8: ='User Inputs'!$H$23- SUM( IF( 'User Inputs'!$F$10>=1, IFERROR( AND( OR( INDEX('Embedded Values'!$F$22:$F$34,MATCH('User Inputs'!$B$34,'Embedded Values'!$B$22:$B$34,0))="All", ISNUMBER(SEARCH(";"&'User Inputs'!$B$10&";",";"&SUBSTITUTE(INDEX('Embedded Values'!$F$22:$F$34,MATCH('User Inputs'!$B$34,'Embedded Values'!$B$22:$B$34,0)),"; ",";")&";")) ), OR( INDEX('Embedded Values'!$E$22:$E$34,MATCH('User Inputs'!$B$34,'Embedded Values'!$B$22:$B$34,0))<>"Tandem", 'Dev. Notes'!$C$93=TRUE ) )*IFERROR(--'User Inputs'!$H$41,0), 0 ), 0 ), IF( 'User Inputs'!$F$10>=2, IFERROR( AND( OR( INDEX('Embedded Values'!$F$22:$F$34,MATCH('User Inputs'!$D$34,'Embedded Values'!$B$22:$B$34,0))="All", ISNUMBER(SEARCH(";"&'User Inputs'!$B$10&";",";"&SUBSTITUTE(INDEX('Embedded Values'!$F$22:$F$34,MATCH('User Inputs'!$D$34,'Embedded Values'!$B$22:$B$34,0)),"; ",";")&";")) ), OR( INDEX('Embedded Values'!$E$22:$E$34,MATCH('User Inputs'!$D$34,'Embedded Values'!$B$22:$B$34,0))<>"Tandem", 'Dev. Notes'!$C$93=TRUE ) )*IFERROR(--'User Inputs'!$H$43,0), 0 ), 0 ), IF( 'User Inputs'!$F$10>=3, IFERROR( AND( OR( INDEX('Embedded Values'!$F$22:$F$34,MATCH('User Inputs'!$F$34,'Embedded Values'!$B$22:$B$34,0))="All", ISNUMBER(SEARCH(";"&'User Inputs'!$B$10&";",";"&SUBSTITUTE(INDEX('Embedded Values'!$F$22:$F$34,MATCH('User Inputs'!$F$34,'Embedded Values'!$B$22:$B$34,0)),"; ",";")&";")) ), OR( INDEX('Embedded Values'!$E$22:$E$34,MATCH('User Inputs'!$F$34,'Embedded Values'!$B$22:$B$34,0))<>"Tandem", 'Dev. Notes'!$C$93=TRUE ) )*IFERROR(--'User Inputs'!$H$45,0), 0 ), 0 ), IF( 'User Inputs'!$F$10>=4, IFERROR( AND( OR( INDEX('Embedded Values'!$F$22:$F$34,MATCH('User Inputs'!$H$34,'Embedded Values'!$B$22:$B$34,0))="All", ISNUMBER(SEARCH(";"&'User Inputs'!$B$10&";",";"&SUBSTITUTE(INDEX('Embedded Values'!$F$22:$F$34,MATCH('User Inputs'!$H$34,'Embedded Values'!$B$22:$B$34,0)),"; ",";")&";")) ), OR( INDEX('Embedded Values'!$E$22:$E$34,MATCH('User Inputs'!$H$34,'Embedded Values'!$B$22:$B$34,0))<>"Tandem", 'Dev. Notes'!$C$93=TRUE ) )*IFERROR(--'User Inputs'!$H$47,0), 0 ), 0 ) ) -> 0 | I8: Coal Consumption (tons/year) | J8: ='User Inputs'!$J$23- SUM( IF( 'User Inputs'!$F$10>=1, IFERROR( AND( OR( INDEX('Embedded Values'!$F$22:$F$34,MATCH('User Inputs'!$B$34,'Embedded Values'!$B$22:$B$34,0))="All", ISNUMBER(SEARCH(";"&'User Inputs'!$B$10&";",";"&SUBSTITUTE(INDEX('Embedded Values'!$F$22:$F$34,MATCH('User Inputs'!$B$34,'Embedded Values'!$B$22:$B$34,0)),"; ",";")&";")) ), OR( INDEX('Embedded Values'!$E$22:$E$34,MATCH('User Inputs'!$B$34,'Embedded Values'!$B$22:$B$34,0))<>"Tandem", 'Dev. Notes'!$C$93=TRUE ) )*IFERROR(--'User Inputs'!$J$41,0), 0 ), 0 ), IF( 'User Inputs'!$F$10>=2, IFERROR( AND( OR( INDEX('Embedded Values'!$F$22:$F$34,MATCH('User Inputs'!$D$34,'Embedded Values'!$B$22:$B$34,0))="All", ISNUMBER(SEARCH(";"&'User Inputs'!$B$10&";",";"&SUBSTITUTE(INDEX('Embedded Values'!$F$22:$F$34,MATCH('User Inputs'!$D$34,'Embedded Values'!$B$22:$B$34,0)),"; ",";")&";")) ), OR( INDEX('Embedded Values'!$E$22:$E$34,MATCH('User Inputs'!$D$34,'Embedded Values'!$B$22:$B$34,0))<>"Tandem", 'Dev. Notes'!$C$93=TRUE ) )*IFERROR(--'User Inputs'!$J$43,0), 0 ), 0 ), IF( 'User Inputs'!$F$10>=3, IFERROR( AND( OR( INDEX('Embedded Values'!$F$22:$F$34,MATCH('User Inputs'!$F$34,'Embedded Values'!$B$22:$B$34,0))="All", ISNUMBER(SEARCH(";"&'User Inputs'!$B$10&";",";"&SUBSTITUTE(INDEX('Embedded Values'!$F$22:$F$34,MATCH('User Inputs'!$F$34,'Embedded Values'!$B$22:$B$34,0)),"; ",";")&";")) ), OR( INDEX('Embedded Values'!$E$22:$E$34,MATCH('User Inputs'!$F$34,'Embedded Values'!$B$22:$B$34,0))<>"Tandem", 'Dev. Notes'!$C$93=TRUE ) )*IFERROR(--'User Inputs'!$J$45,0), 0 ), 0 ), IF( 'User Inputs'!$F$10>=4, IFERROR( AND( OR( INDEX('Embedded Values'!$F$22:$F$34,MATCH('User Inputs'!$H$34,'Embedded Values'!$B$22:$B$34,0))="All", ISNUMBER(SEARCH(";"&'User Inputs'!$B$10&";",";"&SUBSTITUTE(INDEX('Embedded Values'!$F$22:$F$34,MATCH('User Inputs'!$H$34,'Embedded Values'!$B$22:$B$34,0)),"; ",";")&";")) ), OR( INDEX('Embedded Values'!$E$22:$E$34,MATCH('User Inputs'!$H$34,'Embedded Values'!$B$22:$B$34,0))<>"Tandem", 'Dev. Notes'!$C$93=TRUE ) )*IFERROR(--'User Inputs'!$J$47,0), 0 ), 0 ) ) -> 0
A10: PROJECTED COSTS
I12: Total ECM Projects Cost ($) | J12: =SUM( IF( 'User Inputs'!$F$10>=1, IFERROR( OR( INDEX( 'Embedded Values'!$F$22:$F$34, MATCH('User Inputs'!$B$34,'Embedded Values'!$B$22:$B$34,0) )="All", ISNUMBER( SEARCH( ";"&'User Inputs'!$B$10&";", ";"& SUBSTITUTE( INDEX( 'Embedded Values'!$F$22:$F$34, MATCH('User Inputs'!$B$34,'Embedded Values'!$B$22:$B$34,0) ), "; ", ";" )& ";" ) ) )* OR( INDEX( 'Embedded Values'!$E$22:$E$34, MATCH('User Inputs'!$B$34,'Embedded Values'!$B$22:$B$34,0) )<>"Tandem", 'Dev. Notes'!$C$93=TRUE )* 'User Inputs'!$B$52, 0 ), 0 ), IF( 'User Inputs'!$F$10>=2, IFERROR( OR( INDEX( 'Embedded Values'!$F$22:$F$34, MATCH('User Inputs'!$D$34,'Embedded Values'!$B$22:$B$34,0) )="All", ISNUMBER( SEARCH( ";"&'User Inputs'!$B$10&";", ";"& SUBSTITUTE( INDEX( 'Embedded Values'!$F$22:$F$34, MATCH('User Inputs'!$D$34,'Embedded Values'!$B$22:$B$34,0) ), "; ", ";" )& ";" ) ) )* OR( INDEX( 'Embedded Values'!$E$22:$E$34, MATCH('User Inputs'!$D$34,'Embedded Values'!$B$22:$B$34,0) )<>"Tandem", 'Dev. Notes'!$C$93=TRUE )* 'User Inputs'!$D$52, 0 ), 0 ), IF( 'User Inputs'!$F$10>=3, IFERROR( OR( INDEX( 'Embedded Values'!$F$22:$F$34, MATCH('User Inputs'!$F$34,'Embedded Values'!$B$22:$B$34,0) )="All", ISNUMBER( SEARCH( ";"&'User Inputs'!$B$10&";", ";"& SUBSTITUTE( INDEX( 'Embedded Values'!$F$22:$F$34, MATCH('User Inputs'!$F$34,'Embedded Values'!$B$22:$B$34,0) ), "; ", ";" )& ";" ) ) )* OR( INDEX( 'Embedded Values'!$E$22:$E$34, MATCH('User Inputs'!$F$34,'Embedded Values'!$B$22:$B$34,0) )<>"Tandem", 'Dev. Notes'!$C$93=TRUE )* 'User Inputs'!$F$52, 0 ), 0 ), IF( 'User Inputs'!$F$10>=4, IFERROR( OR( INDEX( 'Embedded Values'!$F$22:$F$34, MATCH('User Inputs'!$H$34,'Embedded Values'!$B$22:$B$34,0) )="All", ISNUMBER( SEARCH( ";"&'User Inputs'!$B$10&";", ";"& SUBSTITUTE( INDEX( 'Embedded Values'!$F$22:$F$34, MATCH('User Inputs'!$H$34,'Embedded Values'!$B$22:$B$34,0) ), "; ", ";" )& ";" ) ) )* OR( INDEX( 'Embedded Values'!$E$22:$E$34, MATCH('User Inputs'!$H$34,'Embedded Values'!$B$22:$B$34,0) )<>"Tandem", 'Dev. Notes'!$C$93=TRUE )* 'User Inputs'!$H$52, 0 ), 0 ), IF( AND( 'User Inputs'!$B$10<>'Dev. Notes'!$B$17, OR( 'User Inputs'!$H$10='Dev. Notes'!$B$5, 'User Inputs'!$H$10="Both" ) ), IFERROR(--'User Inputs'!$H$58,0), 0 ), IF( AND( 'User Inputs'!$B$10<>'Dev. Notes'!$B$17, OR( 'User Inputs'!$H$10='Dev. Notes'!$B$6, 'User Inputs'!$H$10="Both" ) ), IFERROR(--'User Inputs'!$H$60,0), 0 ) ) -> 0
A14: PROJECTED SAVINGS
A16: Electricity (kWh/year) | B16: =IFERROR('User Inputs'!$B$23-'Calculated Metrics'!$B$8,0) -> 0 | C16: Natural Gas (therms/year) | D16: =IFERROR('User Inputs'!$D$23-'Calculated Metrics'!$D$8,0) -> 0 | E16: Propane (gallons/year) | F16: =IFERROR('User Inputs'!$F$23-'Calculated Metrics'!$F$8,0) -> 0 | G16: Fuel Oil #2 (gallons/year) | H16: =IFERROR('User Inputs'!$H$23-'Calculated Metrics'!$H$8,0) -> 0 | I16: Coal (tons/year) | J16: =IFERROR('User Inputs'!$J$23-'Calculated Metrics'!$J$8,0) -> 0
A18: ='User Inputs'!$A$72 -> Current Energy Use Intensity [EUI] (kBTU/ft2) | B18: ='User Inputs'!$B$72 -> Enter floor area in cell D10 | C18: ='User Inputs'!$C$72 -> Projected Energy Use Intensity [EUI] (kBTU/ft2) | D18: ='User Inputs'!$D$72 -> Enter floor area in cell D10 | G18: Annual Cost Savings ($/year) | H18: =IFERROR( _xlfn.LET( _xlpm.ecmCount,'User Inputs'!$F$10, _xlpm.solarSelected,'User Inputs'!$H$10, _xlpm.building,'User Inputs'!$B$10, _xlpm.solarApplicable, AND( _xlpm.building<>'Dev. Notes'!$B$17, OR( _xlpm.solarSelected='Dev. Notes'!$B$5, _xlpm.solarSelected='Dev. Notes'!$B$6, _xlpm.solarSelected="Both" ) ), _xlpm.elecSavings, IFERROR('User Inputs'!$B$23-'Calculated Metrics'!$B$8,0), _xlpm.gasSavings, IF( OR(_xlpm.ecmCount="",_xlpm.ecmCount=0), 0, IFERROR('User Inputs'!$D$23-'Calculated Metrics'!$D$8,0) ), _xlpm.propaneSavings, IF( OR(_xlpm.ecmCount="",_xlpm.ecmCount=0), 0, IFERROR('User Inputs'!$F$23-'Calculated Metrics'!$F$8,0) ), _xlpm.oilSavings, IF( OR(_xlpm.ecmCount="",_xlpm.ecmCount=0), 0, IFERROR('User Inputs'!$H$23-'Calculated Metrics'!$H$8,0) ), _xlpm.coalSavings, IF( OR(_xlpm.ecmCount="",_xlpm.ecmCount=0), 0, IFERROR('User Inputs'!$J$23-'Calculated Metrics'!$J$8,0) ), _xlpm.invalidRates, OR( AND(_xlpm.elecSavings<>0,OR(NOT(ISNUMBER('User Inputs'!$B$28)),'User Inputs'!$B$28<0)), AND(_xlpm.gasSavings<>0,OR(NOT(ISNUMBER('User Inputs'!$D$28)),'User Inputs'!$D$28<0)), AND(_xlpm.propaneSavings<>0,OR(NOT(ISNUMBER('User Inputs'!$F$28)),'User Inputs'!$F$28<0)), AND(_xlpm.oilSavings<>0,OR(NOT(ISNUMBER('User Inputs'!$H$28)),'User Inputs'!$H$28<0)), AND(_xlpm.coalSavings<>0,OR(NOT(ISNUMBER('User Inputs'!$J$28)),'User Inputs'!$J$28<0)) ), IF( AND( OR(_xlpm.ecmCount="",_xlpm.ecmCount=0), NOT(_xlpm.solarApplicable) ), "Add ECMs or Solar in cell F10 or H10", IF( _xlpm.invalidRates, "Check default rates in row 28", _xlpm.elecSavings*'User Inputs'!$B$28+ _xlpm.gasSavings*'User Inputs'!$D$28+ _xlpm.propaneSavings*'User Inputs'!$F$28+ _xlpm.oilSavings*'User Inputs'!$H$28+ _xlpm.coalSavings*'User Inputs'!$J$28 ) ) ), "Check savings inputs in rows 41-47" ) -> Add ECMs or Solar in cell F10 or H10 | I18: Simple Payback Period (years) | J18: =IF( ISTEXT($H$18), $H$18, IF( $J$12<0, "Project cost is negative. Check rows 52, 58 or 60", IF( $J$12=0, IF( 'Dev. Notes'!$C$94, "N/A - Unsupported Tandem measure(s).", IF( 'Dev. Notes'!$C$100, "N/A - This building type is ineligible for the selected measure.", "Fill in Project Costs" ) ), IF( $H$18<=0, "N/A - Annual Cost Savings are zero or negative", $J$12/$H$18 ) ) ) ) -> Add ECMs or Solar in cell F10 or H10
A20: FUNDING IMPACT
A22: Electrification - Total Project Cost | B22: =IF( IFERROR(VALUE('User Inputs'!$F$10),0)=0, 0, SUM( IF( 'User Inputs'!$F$10>=1, IFERROR( ( INDEX('Embedded Values'!$D$22:$D$34,MATCH('User Inputs'!$B$34,'Embedded Values'!$B$22:$B$34,0))="Electrification" )* OR( INDEX('Embedded Values'!$F$22:$F$34,MATCH('User Inputs'!$B$34,'Embedded Values'!$B$22:$B$34,0))="All", ISNUMBER(SEARCH(";"&'User Inputs'!$B$10&";",";"&SUBSTITUTE(INDEX('Embedded Values'!$F$22:$F$34,MATCH('User Inputs'!$B$34,'Embedded Values'!$B$22:$B$34,0)),"; ",";")&";")) )* OR( INDEX('Embedded Values'!$E$22:$E$34,MATCH('User Inputs'!$B$34,'Embedded Values'!$B$22:$B$34,0))<>"Tandem", 'Dev. Notes'!$C$93=TRUE )* IFERROR(--'User Inputs'!$B$52,0), 0 ), 0 ), IF( 'User Inputs'!$F$10>=2, IFERROR( ( INDEX('Embedded Values'!$D$22:$D$34,MATCH('User Inputs'!$D$34,'Embedded Values'!$B$22:$B$34,0))="Electrification" )* OR( INDEX('Embedded Values'!$F$22:$F$34,MATCH('User Inputs'!$D$34,'Embedded Values'!$B$22:$B$34,0))="All", ISNUMBER(SEARCH(";"&'User Inputs'!$B$10&";",";"&SUBSTITUTE(INDEX('Embedded Values'!$F$22:$F$34,MATCH('User Inputs'!$D$34,'Embedded Values'!$B$22:$B$34,0)),"; ",";")&";")) )* OR( INDEX('Embedded Values'!$E$22:$E$34,MATCH('User Inputs'!$D$34,'Embedded Values'!$B$22:$B$34,0))<>"Tandem", 'Dev. Notes'!$C$93=TRUE )* IFERROR(--'User Inputs'!$D$52,0), 0 ), 0 ), IF( 'User Inputs'!$F$10>=3, IFERROR( ( INDEX('Embedded Values'!$D$22:$D$34,MATCH('User Inputs'!$F$34,'Embedded Values'!$B$22:$B$34,0))="Electrification" )* OR( INDEX('Embedded Values'!$F$22:$F$34,MATCH('User Inputs'!$F$34,'Embedded Values'!$B$22:$B$34,0))="All", ISNUMBER(SEARCH(";"&'User Inputs'!$B$10&";",";"&SUBSTITUTE(INDEX('Embedded Values'!$F$22:$F$34,MATCH('User Inputs'!$F$34,'Embedded Values'!$B$22:$B$34,0)),"; ",";")&";")) )* OR( INDEX('Embedded Values'!$E$22:$E$34,MATCH('User Inputs'!$F$34,'Embedded Values'!$B$22:$B$34,0))<>"Tandem", 'Dev. Notes'!$C$93=TRUE )* IFERROR(--'User Inputs'!$F$52,0), 0 ), 0 ), IF( 'User Inputs'!$F$10>=4, IFERROR( ( INDEX('Embedded Values'!$D$22:$D$34,MATCH('User Inputs'!$H$34,'Embedded Values'!$B$22:$B$34,0))="Electrification" )* OR( INDEX('Embedded Values'!$F$22:$F$34,MATCH('User Inputs'!$H$34,'Embedded Values'!$B$22:$B$34,0))="All", ISNUMBER(SEARCH(";"&'User Inputs'!$B$10&";",";"&SUBSTITUTE(INDEX('Embedded Values'!$F$22:$F$34,MATCH('User Inputs'!$H$34,'Embedded Values'!$B$22:$B$34,0)),"; ",";")&";")) )* OR( INDEX('Embedded Values'!$E$22:$E$34,MATCH('User Inputs'!$H$34,'Embedded Values'!$B$22:$B$34,0))<>"Tandem", 'Dev. Notes'!$C$93=TRUE )* IFERROR(--'User Inputs'!$H$52,0), 0 ), 0 ) ) ) -> 0 | C22: Energy Efficiency - Total Project Cost | D22: =IF( IFERROR(VALUE('User Inputs'!$F$10),0)=0, 0, SUM( IF( 'User Inputs'!$F$10>=1, IFERROR( ( INDEX( 'Embedded Values'!$D$22:$D$34, MATCH('User Inputs'!$B$34,'Embedded Values'!$B$22:$B$34,0) )="Energy Efficiency" )* OR( INDEX( 'Embedded Values'!$F$22:$F$34, MATCH('User Inputs'!$B$34,'Embedded Values'!$B$22:$B$34,0) )="All", ISNUMBER( SEARCH( ";"&'User Inputs'!$B$10&";", ";"& SUBSTITUTE( INDEX( 'Embedded Values'!$F$22:$F$34, MATCH('User Inputs'!$B$34,'Embedded Values'!$B$22:$B$34,0) ), "; ", ";" )& ";" ) ) )* OR( INDEX( 'Embedded Values'!$E$22:$E$34, MATCH('User Inputs'!$B$34,'Embedded Values'!$B$22:$B$34,0) )<>"Tandem", 'Dev. Notes'!$C$93=TRUE )* 'User Inputs'!$B$52, 0 ), 0 ), IF( 'User Inputs'!$F$10>=2, IFERROR( ( INDEX( 'Embedded Values'!$D$22:$D$34, MATCH('User Inputs'!$D$34,'Embedded Values'!$B$22:$B$34,0) )="Energy Efficiency" )* OR( INDEX( 'Embedded Values'!$F$22:$F$34, MATCH('User Inputs'!$D$34,'Embedded Values'!$B$22:$B$34,0) )="All", ISNUMBER( SEARCH( ";"&'User Inputs'!$B$10&";", ";"& SUBSTITUTE( INDEX( 'Embedded Values'!$F$22:$F$34, MATCH('User Inputs'!$D$34,'Embedded Values'!$B$22:$B$34,0) ), "; ", ";" )& ";" ) ) )* OR( INDEX( 'Embedded Values'!$E$22:$E$34, MATCH('User Inputs'!$D$34,'Embedded Values'!$B$22:$B$34,0) )<>"Tandem", 'Dev. Notes'!$C$93=TRUE )* 'User Inputs'!$D$52, 0 ), 0 ), IF( 'User Inputs'!$F$10>=3, IFERROR( ( INDEX( 'Embedded Values'!$D$22:$D$34, MATCH('User Inputs'!$F$34,'Embedded Values'!$B$22:$B$34,0) )="Energy Efficiency" )* OR( INDEX( 'Embedded Values'!$F$22:$F$34, MATCH('User Inputs'!$F$34,'Embedded Values'!$B$22:$B$34,0) )="All", ISNUMBER( SEARCH( ";"&'User Inputs'!$B$10&";", ";"& SUBSTITUTE( INDEX( 'Embedded Values'!$F$22:$F$34, MATCH('User Inputs'!$F$34,'Embedded Values'!$B$22:$B$34,0) ), "; ", ";" )& ";" ) ) )* OR( INDEX( 'Embedded Values'!$E$22:$E$34, MATCH('User Inputs'!$F$34,'Embedded Values'!$B$22:$B$34,0) )<>"Tandem", 'Dev. Notes'!$C$93=TRUE )* 'User Inputs'!$F$52, 0 ), 0 ), IF( 'User Inputs'!$F$10>=4, IFERROR( ( INDEX( 'Embedded Values'!$D$22:$D$34, MATCH('User Inputs'!$H$34,'Embedded Values'!$B$22:$B$34,0) )="Energy Efficiency" )* OR( INDEX( 'Embedded Values'!$F$22:$F$34, MATCH('User Inputs'!$H$34,'Embedded Values'!$B$22:$B$34,0) )="All", ISNUMBER( SEARCH( ";"&'User Inputs'!$B$10&";", ";"& SUBSTITUTE( INDEX( 'Embedded Values'!$F$22:$F$34, MATCH('User Inputs'!$H$34,'Embedded Values'!$B$22:$B$34,0) ), "; ", ";" )& ";" ) ) )* OR( INDEX( 'Embedded Values'!$E$22:$E$34, MATCH('User Inputs'!$H$34,'Embedded Values'!$B$22:$B$34,0) )<>"Tandem", 'Dev. Notes'!$C$93=TRUE )* 'User Inputs'!$H$52, 0 ), 0 ) ) ) -> 0 | E22: Solar - Total Project Cost | F22: {=IF( OR( 'User Inputs'!$B$10='Dev. Notes'!$B$17, 'User Inputs'!$H$10='Dev. Notes'!$B$4 ), 0, _xlfn.SWITCH( 'User Inputs'!$H$10, 'Dev. Notes'!$B$5,IFERROR(--'User Inputs'!$H$58,0), 'Dev. Notes'!$B$6,IFERROR(--'User Inputs'!$H$60,0), 'Dev. Notes'!$B$7, IFERROR(--'User Inputs'!$H$58,0) +IFERROR(--'User Inputs'!$H$60,0), 0 ) )} -> 0 | G22: =_xlfn.LET( _xlpm.reduction,IFERROR(--$B$38,0), _xlpm.rate,IFERROR(--$B$24,0), _xlpm.calculated,IFERROR(--$B$26,0), _xlpm.totalReduction,IFERROR(--$J$38,0), _xlpm.prefix,"¹ ", _xlpm.tandemNote, IF( 'Dev. Notes'!$C$94, " One or more unsupported Tandem measures have been excluded from this calculation.", "" ), _xlpm.eligibilityNote, IF( 'Dev. Notes'!$C$100, " One or more measures that are ineligible for the selected building type have been excluded from this calculation.", "" ), IF( _xlpm.reduction<=0, IF( OR('Dev. Notes'!$C$94,'Dev. Notes'!$C$100), _xlpm.prefix& "No eligible Electrification incentive remains after excluding ineligible measures.", "" ), IF( _xlpm.totalReduction<200, _xlpm.prefix& "The incentive is $0 because total projected lifetime emissions reductions are below the 200 MTCO₂e minimum."& _xlpm.tandemNote& _xlpm.eligibilityNote, IF( _xlpm.rate<=0, "", _xlpm.prefix& "The calculated Electrification incentive is $"& TEXT(_xlpm.calculated,"#,##0")& " based on "& TEXT(_xlpm.reduction,"#,##0.0")& " MTCO₂e of reductions at $"& TEXT(_xlpm.rate,"#,##0")& " per MTCO₂e."& _xlpm.tandemNote& _xlpm.eligibilityNote ) ) ) )
A24: Electrification - $/Lifetime MTCO2e Reduced | B24: {=_xlfn.LET( _xlpm.reduction,IFERROR(--$J$38,0), _xlpm.projectCost,IFERROR(--$B$22,0), _xlpm.building,'User Inputs'!$B$10, _xlpm.sectionRow, _xlfn.SWITCH( _xlpm.building, 'Dev. Notes'!$B$17,ROW('MEA Incentives'!$A$4), 'Dev. Notes'!$B$18,ROW('MEA Incentives'!$A$13), 'Dev. Notes'!$B$19,ROW('MEA Incentives'!$A$22), 'Dev. Notes'!$B$20,ROW('MEA Incentives'!$A$31), 'Dev. Notes'!$B$21,ROW('MEA Incentives'!$A$31), 0 ), _xlpm.tierRow, IF( OR( _xlpm.sectionRow=0, _xlpm.reduction<200, _xlpm.projectCost<=0 ), 0, IF( _xlpm.reduction<=2499, _xlpm.sectionRow+1, IF( _xlpm.reduction<=4999, _xlpm.sectionRow+2, _xlpm.sectionRow+3 ) ) ), _xlpm.rateColumn, COLUMN('MEA Incentives'!$B$4), _xlpm.bonusColumn, COLUMN('MEA Incentives'!$D$4), _xlpm.baseRate, IF( _xlpm.tierRow=0, 0, IFERROR( INDEX( 'MEA Incentives'!$A:$D, _xlpm.tierRow, _xlpm.rateColumn ), 0 ) ), _xlpm.bonusEligible, IF( OR( _xlpm.building='Dev. Notes'!$B$17, _xlpm.building='Dev. Notes'!$B$18 ), 'User Inputs'!$B$12="Yes", _xlpm.building='Dev. Notes'!$B$21 ), _xlpm.bonusRate, IF( OR( _xlpm.tierRow=0, NOT(_xlpm.bonusEligible) ), 0, IFERROR( INDEX( 'MEA Incentives'!$A:$D, _xlpm.tierRow, _xlpm.bonusColumn ), 0 ) ), _xlpm.baseRate+_xlpm.bonusRate )} -> 0 | C24: Energy Efficiency - $/Lifetime MTCO2e Reduced | D24: {=_xlfn.LET( _xlpm.reduction,IFERROR(--$J$38,0), _xlpm.projectCost,IFERROR(--$D$22,0), _xlpm.building,'User Inputs'!$B$10, _xlpm.onlyMI,'Dev. Notes'!$B$25, _xlpm.sectionRow, _xlfn.SWITCH( _xlpm.building, 'Dev. Notes'!$B$17,ROW('MEA Incentives'!$A$4), 'Dev. Notes'!$B$18,ROW('MEA Incentives'!$A$13), 'Dev. Notes'!$B$19,ROW('MEA Incentives'!$A$22), 'Dev. Notes'!$B$20,ROW('MEA Incentives'!$A$31), 'Dev. Notes'!$B$21,ROW('MEA Incentives'!$A$31), 0 ), _xlpm.tierRow, IF( OR( _xlpm.onlyMI, _xlpm.sectionRow=0, _xlpm.reduction<200, _xlpm.projectCost<=0 ), 0, IF( _xlpm.reduction<=2499, _xlpm.sectionRow+1, IF( _xlpm.reduction<=4999, _xlpm.sectionRow+2, _xlpm.sectionRow+3 ) ) ), _xlpm.rateColumn, COLUMN('MEA Incentives'!$C$4), _xlpm.bonusColumn, COLUMN('MEA Incentives'!$D$4), _xlpm.baseRate, IF( _xlpm.tierRow=0, 0, IFERROR( INDEX( 'MEA Incentives'!$A:$D, _xlpm.tierRow, _xlpm.rateColumn ), 0 ) ), _xlpm.bonusEligible, IF( OR( _xlpm.building='Dev. Notes'!$B$17, _xlpm.building='Dev. Notes'!$B$18 ), 'User Inputs'!$B$12="Yes", _xlpm.building='Dev. Notes'!$B$21 ), _xlpm.bonusRate, IF( OR( _xlpm.tierRow=0, NOT(_xlpm.bonusEligible) ), 0, IFERROR( INDEX( 'MEA Incentives'!$A:$D, _xlpm.tierRow, _xlpm.bonusColumn ), 0 ) ), _xlpm.baseRate+_xlpm.bonusRate )} -> 0 | E24: Solar - Applicable Incentive Rate(s) | F24: {=_xlfn.LET( _xlpm.solarType,'User Inputs'!$H$10, _xlpm.building,'User Inputs'!$B$10, _xlpm.groundRate,IFERROR(--'Dev. Notes'!$C$41,0), _xlpm.canopyRate,IFERROR(--'Dev. Notes'!$C$42,0), IF( OR( _xlpm.building='Dev. Notes'!$B$17, _xlpm.solarType='Dev. Notes'!$B$4 ), "", _xlfn.SWITCH( _xlpm.solarType, 'Dev. Notes'!$B$5, _xlpm.groundRate, 'Dev. Notes'!$B$6, _xlpm.canopyRate, 'Dev. Notes'!$B$7, "Ground: $"& TEXT(_xlpm.groundRate,"#,##0")& "/kW"& CHAR(10)& "Canopy: $"& TEXT(_xlpm.canopyRate,"#,##0")& "/kW", "" ) ) )} | G24: =_xlfn.LET( _xlpm.reduction,IFERROR(--$D$38,0), _xlpm.rate,IFERROR(--$D$24,0), _xlpm.calculated,IFERROR(--$D$26,0), _xlpm.totalReduction,IFERROR(--$J$38,0), _xlpm.onlyMI,'Dev. Notes'!$B$25, _xlpm.miProjectCost,IFERROR(--$D$22,0), _xlpm.prefix,"² ", _xlpm.tandemNote, IF( 'Dev. Notes'!$C$94, " One or more unsupported Tandem measures have been excluded from this calculation.", "" ), _xlpm.eligibilityNote, IF( 'Dev. Notes'!$C$100, " One or more measures that are ineligible for the selected building type have been excluded from this calculation.", "" ), _xlpm.miMin,IFERROR(--'MEA Incentives'!$B$65,0), _xlpm.miMax,IFERROR(--'MEA Incentives'!$B$66,0), _xlpm.miPctCap,IFERROR(--'MEA Incentives'!$B$67,0), _xlpm.miMinProjectCost,IFERROR(--'MEA Incentives'!$B$68,0), _xlpm.miCalculated,_xlpm.miProjectCost*_xlpm.miPctCap, _xlpm.miFinal,MIN(_xlpm.miCalculated,_xlpm.miMax), IF( _xlpm.onlyMI, IF( _xlpm.miProjectCost<_xlpm.miMinProjectCost, _xlpm.prefix& "The Mechanical Insulation project cost of $"& TEXT(_xlpm.miProjectCost,"#,##0")& " is below the $"& TEXT(_xlpm.miMinProjectCost,"#,##0")& " minimum project cost.", IF( _xlpm.miFinal<_xlpm.miMin, _xlpm.prefix& "The calculated Mechanical Insulation grant of $"& TEXT(_xlpm.miFinal,"#,##0")& " is below the $"& TEXT(_xlpm.miMin,"#,##0")& " minimum grant amount.", IF( _xlpm.miCalculated>_xlpm.miMax, _xlpm.prefix& "The calculated Mechanical Insulation grant of $"& TEXT(_xlpm.miCalculated,"#,##0")& " has been capped at $"& TEXT(_xlpm.miFinal,"#,##0")& " based on the Track 4 maximum grant amount.", _xlpm.prefix& "The Mechanical Insulation grant is $"& TEXT(_xlpm.miFinal,"#,##0")& " and is within the applicable Track 4 funding limits." ) ) ), IF( _xlpm.reduction<=0, IF( OR('Dev. Notes'!$C$94,'Dev. Notes'!$C$100), _xlpm.prefix& "No eligible Energy Efficiency incentive remains after excluding ineligible measures.", "" ), IF( _xlpm.totalReduction<200, _xlpm.prefix& "The Energy Efficiency incentive is $0 because total projected lifetime emissions reductions are below the 200 MTCO₂e minimum."& _xlpm.tandemNote& _xlpm.eligibilityNote, IF( _xlpm.rate<=0, "", _xlpm.prefix& "The calculated Energy Efficiency incentive is $"& TEXT(_xlpm.calculated,"#,##0")& " based on "& TEXT(_xlpm.reduction,"#,##0.0")& " MTCO₂e of reductions at $"& TEXT(_xlpm.rate,"#,##0")& " per MTCO₂e."& _xlpm.tandemNote& _xlpm.eligibilityNote ) ) ) ) )
A26: Calculated Incentives for Electrification1 | B26: =_xlfn.LET( _xlpm.reduction,IFERROR(--$B$38,0), _xlpm.rate,IFERROR(--$B$24,0), _xlpm.calculated, _xlpm.reduction*_xlpm.rate, IF( OR( _xlpm.reduction<=0, _xlpm.rate<=0 ), 0, _xlpm.calculated ) ) -> 0 | C26: Calculated Incentives for Energy Efficiency2 | D26: =_xlfn.LET( _xlpm.reduction,IFERROR(--$D$38,0), _xlpm.rate,IFERROR(--$D$24,0), _xlpm.onlyMI,'Dev. Notes'!$B$25, _xlpm.projectCost,IFERROR(--$D$22,0), _xlpm.calculated, _xlpm.reduction*_xlpm.rate, _xlpm.miMin, IFERROR(--'MEA Incentives'!$B$65,0), _xlpm.miMax, IFERROR(--'MEA Incentives'!$B$66,0), _xlpm.miPctCap, IFERROR(--'MEA Incentives'!$B$67,0), _xlpm.miMinProjectCost, IFERROR(--'MEA Incentives'!$B$68,0), _xlpm.miCalculated, _xlpm.projectCost*_xlpm.miPctCap, _xlpm.miFinalGrant, MIN(_xlpm.miCalculated,_xlpm.miMax), IF( _xlpm.onlyMI, IF( OR( _xlpm.projectCost<_xlpm.miMinProjectCost, _xlpm.miFinalGrant<_xlpm.miMin ), 0, _xlpm.miFinalGrant ), IF( OR( _xlpm.reduction<=0, _xlpm.rate<=0 ), 0, _xlpm.calculated ) ) ) -> 0 | E26: Calculated Incentives for Solar3 | F26: {=_xlfn.LET( _xlpm.solarType,'User Inputs'!$H$10, _xlpm.groundRaw,IFERROR(--'Dev. Notes'!$C$47,0), _xlpm.canopyRaw,IFERROR(--'Dev. Notes'!$C$49,0), _xlpm.calculatedSolar,_xlpm.groundRaw+_xlpm.canopyRaw, _xlpm.groundCost, IF( OR( _xlpm.solarType='Dev. Notes'!$B$5, _xlpm.solarType="Both" ), IFERROR(--'User Inputs'!$H$58,0), 0 ), _xlpm.canopyCost, IF( OR( _xlpm.solarType='Dev. Notes'!$B$6, _xlpm.solarType="Both" ), IFERROR(--'User Inputs'!$H$60,0), 0 ), _xlpm.totalSolarCost,_xlpm.groundCost+_xlpm.canopyCost, _xlpm.groundMin,IFERROR(--'Dev. Notes'!$C$43,0), _xlpm.canopyMin,IFERROR(--'Dev. Notes'!$C$45,0), _xlpm.solarMin,MAX(_xlpm.groundMin,_xlpm.canopyMin), _xlpm.groundMax,IFERROR(--'Dev. Notes'!$C$44,0), _xlpm.canopyMax,IFERROR(--'Dev. Notes'!$C$46,0), _xlpm.solarMax,MAX(_xlpm.groundMax,_xlpm.canopyMax), _xlpm.building,'User Inputs'!$B$10, _xlpm.solarPctCap, _xlfn.SWITCH( _xlpm.building, 'Dev. Notes'!$B$18,'MEA Incentives'!$B$45, 'Dev. Notes'!$B$19,'MEA Incentives'!$B$53, 'Dev. Notes'!$B$20,'MEA Incentives'!$B$61, 'Dev. Notes'!$B$21,'MEA Incentives'!$B$61, 0 ), _xlpm.projectCostCap,_xlpm.totalSolarCost*_xlpm.solarPctCap, _xlpm.finalSolar, MIN( _xlpm.calculatedSolar, _xlpm.solarMax, _xlpm.projectCostCap ), IF( OR( _xlpm.calculatedSolar<=0, _xlpm.totalSolarCost<=0, _xlpm.solarMin<=0, _xlpm.solarMax<=0, _xlpm.solarPctCap<=0, _xlpm.finalSolar<_xlpm.solarMin ), 0, _xlpm.finalSolar ) )} -> 0 | G26: {=_xlfn.LET( _xlpm.solarType,'User Inputs'!$H$10, _xlpm.solarGrant,IFERROR(--$F$26,0), _xlpm.groundRaw,IFERROR(--'Dev. Notes'!$C$47,0), _xlpm.canopyRaw,IFERROR(--'Dev. Notes'!$C$49,0), _xlpm.rawSolar,_xlpm.groundRaw+_xlpm.canopyRaw, _xlpm.groundCost, IF( OR( _xlpm.solarType='Dev. Notes'!$B$5, _xlpm.solarType="Both" ), IFERROR(--'User Inputs'!$H$58,0), 0 ), _xlpm.canopyCost, IF( OR( _xlpm.solarType='Dev. Notes'!$B$6, _xlpm.solarType="Both" ), IFERROR(--'User Inputs'!$H$60,0), 0 ), _xlpm.solarCost,_xlpm.groundCost+_xlpm.canopyCost, _xlpm.solarMin, MAX( IFERROR(--'Dev. Notes'!$C$43,0), IFERROR(--'Dev. Notes'!$C$45,0) ), _xlpm.solarMax, MAX( IFERROR(--'Dev. Notes'!$C$44,0), IFERROR(--'Dev. Notes'!$C$46,0) ), _xlpm.building,'User Inputs'!$B$10, _xlpm.solarPctCap, _xlfn.SWITCH( _xlpm.building, 'Dev. Notes'!$B$18,'MEA Incentives'!$B$45, 'Dev. Notes'!$B$19,'MEA Incentives'!$B$53, 'Dev. Notes'!$B$20,'MEA Incentives'!$B$61, 'Dev. Notes'!$B$21,'MEA Incentives'!$B$61, 0 ), _xlpm.solarCostCap,_xlpm.solarCost*_xlpm.solarPctCap, _xlpm.prefix,"³ ", _xlpm.solarLabel, IF( _xlpm.solarType="Both", "combined Solar", IF( _xlpm.solarType='Dev. Notes'!$B$5, "Ground/Rooftop Solar", IF( _xlpm.solarType='Dev. Notes'!$B$6, "Canopy Solar", "Solar" ) ) ), IF( OR( _xlpm.building='Dev. Notes'!$B$17, _xlpm.solarType='Dev. Notes'!$B$4, _xlpm.rawSolar<=0 ), "", IF( _xlpm.solarGrant<=0, IF( MIN(_xlpm.rawSolar,_xlpm.solarMax,_xlpm.solarCostCap)<_xlpm.solarMin, _xlpm.prefix& "The calculated "& _xlpm.solarLabel& " incentive of $"& TEXT(MIN(_xlpm.rawSolar,_xlpm.solarMax,_xlpm.solarCostCap),"#,##0")& " is below the $"& TEXT(_xlpm.solarMin,"#,##0")& " minimum Solar grant amount.", _xlpm.prefix& "No eligible "& _xlpm.solarLabel& " grant was calculated. Check the Solar project cost, system size, ownership, and eligibility inputs." ), IF( _xlpm.solarGrant<_xlpm.rawSolar, _xlpm.prefix& "The calculated "& _xlpm.solarLabel& " incentive of $"& TEXT(_xlpm.rawSolar,"#,##0")& " has been capped at $"& TEXT(_xlpm.solarGrant,"#,##0")& " after applying the applicable Solar maximum grant and project cost cap.", _xlpm.prefix& "The "& _xlpm.solarLabel& " incentive of $"& TEXT(_xlpm.solarGrant,"#,##0")& " meets the minimum grant requirement and is within the applicable Solar funding limits." ) ) ) )}
E27: GROUNDMOUNT OR ROOFTOP INSTALLATION
E28: ='User Inputs'!$I$65 -> Solar PV Requested Grant Amount per kW | F28: ='User Inputs'!$J$65 | G28: ='User Inputs'!$A$65
E29: SOLAR CANOPY INSTALLATION
E30: ='User Inputs'!$I$67 -> Solar PV Requested Grant Amount per kW | F30: ='User Inputs'!$J$67 | G30: ='User Inputs'!$A$67
E32: Total MEA Grant Request | F32: {=_xlfn.LET( _xlpm.electrification,IFERROR(--$B$26,0), _xlpm.efficiency,IFERROR(--$D$26,0), _xlpm.solar,IFERROR(--$F$26,0), _xlpm.eeCalculated,_xlpm.electrification+_xlpm.efficiency, _xlpm.eeProjectCost,IFERROR(--$B$22,0)+IFERROR(--$D$22,0), _xlpm.totalProjectCost,IFERROR(--$J$12,0), _xlpm.totalReduction,IFERROR(--$J$38,0), _xlpm.building,'User Inputs'!$B$10, _xlpm.onlyMI,'Dev. Notes'!$B$25, _xlpm.sectionRow, _xlfn.SWITCH( _xlpm.building, 'Dev. Notes'!$B$17,ROW('MEA Incentives'!$A$4), 'Dev. Notes'!$B$18,ROW('MEA Incentives'!$A$13), 'Dev. Notes'!$B$19,ROW('MEA Incentives'!$A$22), 'Dev. Notes'!$B$20,ROW('MEA Incentives'!$A$31), 'Dev. Notes'!$B$21,ROW('MEA Incentives'!$A$31), 0 ), _xlpm.incentiveColumn,COLUMN('MEA Incentives'!$B$4), _xlpm.minGrantRow,IF(_xlpm.sectionRow=0,0,_xlpm.sectionRow+4), _xlpm.maxGrantRow,IF(_xlpm.sectionRow=0,0,_xlpm.sectionRow+5), _xlpm.pctCapRow,IF(_xlpm.sectionRow=0,0,_xlpm.sectionRow+6), _xlpm.minGrant, IF(_xlpm.minGrantRow=0,0,IFERROR(INDEX('MEA Incentives'!$A:$D,_xlpm.minGrantRow,_xlpm.incentiveColumn),0)), _xlpm.maxGrant, IF(_xlpm.maxGrantRow=0,0,IFERROR(INDEX('MEA Incentives'!$A:$D,_xlpm.maxGrantRow,_xlpm.incentiveColumn),0)), _xlpm.pctCap, IF(_xlpm.pctCapRow=0,0,IFERROR(INDEX('MEA Incentives'!$A:$D,_xlpm.pctCapRow,_xlpm.incentiveColumn),0)), _xlpm.eeProjectCostCap,_xlpm.eeProjectCost*_xlpm.pctCap, _xlpm.eeAllowed, IF( OR(_xlpm.eeCalculated<=0,_xlpm.totalReduction<200), 0, MIN(_xlpm.eeCalculated,_xlpm.maxGrant,_xlpm.eeProjectCostCap) ), _xlpm.eeFinal, IF(_xlpm.eeAllowed<_xlpm.minGrant,0,_xlpm.eeAllowed), IF( _xlpm.building="", "Select building type in cell B10 of user inputs", IF( _xlpm.totalProjectCost<0, "Project costs in rows 52, 58 or 60 of user inputs must be > 0", IF( _xlpm.totalProjectCost=0, IF( 'Dev. Notes'!$C$94, "N/A - Unsupported Tandem measure(s).", IF( 'Dev. Notes'!$C$100, "N/A - This building type is ineligible for the selected measure.", "Enter project costs in rows 52, 58 or 60 of user inputs" ) ), IF( _xlpm.onlyMI, _xlpm.efficiency, IF( _xlpm.eeFinal+_xlpm.solar<=0, "No grant amount calculated. Check inputs and eligibility", _xlpm.eeFinal+_xlpm.solar ) ) ) ) ) )} -> Select building type in cell B10 of user inputs | G32: {=_xlfn.LET( _xlpm.electrification,IFERROR(--$B$26,0), _xlpm.efficiency,IFERROR(--$D$26,0), _xlpm.solar,IFERROR(--$F$26,0), _xlpm.eeCalculated,_xlpm.electrification+_xlpm.efficiency, _xlpm.eeProjectCost,IFERROR(--$B$22,0)+IFERROR(--$D$22,0), _xlpm.totalReduction,IFERROR(--$J$38,0), _xlpm.building,'User Inputs'!$B$10, _xlpm.onlyMI,'Dev. Notes'!$B$25, _xlpm.solarType,'User Inputs'!$H$10, _xlpm.sectionRow, _xlfn.SWITCH( _xlpm.building, 'Dev. Notes'!$B$17,ROW('MEA Incentives'!$A$4), 'Dev. Notes'!$B$18,ROW('MEA Incentives'!$A$13), 'Dev. Notes'!$B$19,ROW('MEA Incentives'!$A$22), 'Dev. Notes'!$B$20,ROW('MEA Incentives'!$A$31), 'Dev. Notes'!$B$21,ROW('MEA Incentives'!$A$31), 0 ), _xlpm.incentiveColumn,COLUMN('MEA Incentives'!$B$4), _xlpm.minGrant, IF( _xlpm.sectionRow=0, 0, IFERROR( INDEX('MEA Incentives'!$A:$D,_xlpm.sectionRow+4,_xlpm.incentiveColumn), 0 ) ), _xlpm.maxGrant, IF( _xlpm.sectionRow=0, 0, IFERROR( INDEX('MEA Incentives'!$A:$D,_xlpm.sectionRow+5,_xlpm.incentiveColumn), 0 ) ), _xlpm.pctCap, IF( _xlpm.sectionRow=0, 0, IFERROR( INDEX('MEA Incentives'!$A:$D,_xlpm.sectionRow+6,_xlpm.incentiveColumn), 0 ) ), _xlpm.eeCostCap,_xlpm.eeProjectCost*_xlpm.pctCap, _xlpm.eeAllowed, IF( OR( _xlpm.eeCalculated<=0, _xlpm.totalReduction<200 ), 0, MIN( _xlpm.eeCalculated, _xlpm.maxGrant, _xlpm.eeCostCap ) ), _xlpm.eeFinal, IF( _xlpm.eeAllowed<_xlpm.minGrant, 0, _xlpm.eeAllowed ), _xlpm.groundRaw,IFERROR(--'Dev. Notes'!$C$47,0), _xlpm.canopyRaw,IFERROR(--'Dev. Notes'!$C$49,0), _xlpm.solarRaw,_xlpm.groundRaw+_xlpm.canopyRaw, _xlpm.groundCost, IF( OR( _xlpm.solarType='Dev. Notes'!$B$5, _xlpm.solarType="Both" ), IFERROR(--'User Inputs'!$H$58,0), 0 ), _xlpm.canopyCost, IF( OR( _xlpm.solarType='Dev. Notes'!$B$6, _xlpm.solarType="Both" ), IFERROR(--'User Inputs'!$H$60,0), 0 ), _xlpm.solarCost,_xlpm.groundCost+_xlpm.canopyCost, _xlpm.solarMin, MAX( IFERROR(--'Dev. Notes'!$C$43,0), IFERROR(--'Dev. Notes'!$C$45,0) ), _xlpm.solarMax, MAX( IFERROR(--'Dev. Notes'!$C$44,0), IFERROR(--'Dev. Notes'!$C$46,0) ), _xlpm.solarPctCap, _xlfn.SWITCH( _xlpm.building, 'Dev. Notes'!$B$18,'MEA Incentives'!$B$45, 'Dev. Notes'!$B$19,'MEA Incentives'!$B$53, 'Dev. Notes'!$B$20,'MEA Incentives'!$B$61, 'Dev. Notes'!$B$21,'MEA Incentives'!$B$61, 0 ), _xlpm.solarCostCap,_xlpm.solarCost*_xlpm.solarPctCap, _xlpm.solarAllowed,MIN(_xlpm.solarRaw,_xlpm.solarMax,_xlpm.solarCostCap), _xlpm.miProjectCost,IFERROR(--$D$22,0), _xlpm.miMin,IFERROR(--'MEA Incentives'!$B$65,0), _xlpm.miMax,IFERROR(--'MEA Incentives'!$B$66,0), _xlpm.miPctCap,IFERROR(--'MEA Incentives'!$B$67,0), _xlpm.miMinProjectCost,IFERROR(--'MEA Incentives'!$B$68,0), _xlpm.miCalculated,_xlpm.miProjectCost*_xlpm.miPctCap, _xlpm.miAllowed,MIN(_xlpm.miCalculated,_xlpm.miMax), _xlpm.finalGrant, IF( _xlpm.onlyMI, _xlpm.efficiency, _xlpm.eeFinal+_xlpm.solar ), _xlpm.eeNote, IF( _xlpm.eeCalculated<=0, "", IF( _xlpm.totalReduction<200, " The Electrification and Energy Efficiency portion is ineligible because total projected lifetime emissions reductions are below the 200 MTCO₂e minimum.", IF( _xlpm.eeAllowed<_xlpm.minGrant, " The Electrification and Energy Efficiency portion did not meet the $"& TEXT(_xlpm.minGrant,"#,##0")& " minimum grant amount.", IF( _xlpm.eeAllowed<_xlpm.eeCalculated, " The Electrification and Energy Efficiency incentive was capped at $"& TEXT(_xlpm.eeAllowed,"#,##0")& " based on the applicable funding limits.", "" ) ) ) ), _xlpm.solarNote, IF( _xlpm.solarRaw<=0, "", IF( AND( _xlpm.solar<=0, _xlpm.solarAllowed<_xlpm.solarMin ), " The Solar portion did not meet the $"& TEXT(_xlpm.solarMin,"#,##0")& " minimum grant amount.", IF( _xlpm.solar<_xlpm.solarRaw, " The Solar incentive was capped at $"& TEXT(_xlpm.solar,"#,##0")& " based on the applicable Solar funding limits.", "" ) ) ), _xlpm.tandemNote, IF( 'Dev. Notes'!$C$94, " Unsupported Tandem measures were excluded from the calculation.", "" ), _xlpm.eligibilityNote, IF( 'Dev. Notes'!$C$100, " Measures that are ineligible for the selected building type were excluded from the calculation.", "" ), IF( _xlpm.building="", "", IF( _xlpm.onlyMI, IF( _xlpm.miProjectCost<_xlpm.miMinProjectCost, "No Mechanical Insulation grant amount was calculated because the project cost is below the $"& TEXT(_xlpm.miMinProjectCost,"#,##0")& " Track 4 minimum project cost.", IF( _xlpm.miAllowed<_xlpm.miMin, "No Mechanical Insulation grant amount was calculated because the calculated grant is below the $"& TEXT(_xlpm.miMin,"#,##0")& " Track 4 minimum grant amount.", IF( _xlpm.miAllowed<_xlpm.miCalculated, "The final calculated Mechanical Insulation grant amount is $"& TEXT(_xlpm.finalGrant,"#,##0")& ". The grant was capped at $"& TEXT(_xlpm.miMax,"#,##0")& " based on the Track 4 maximum grant amount.", "The final calculated Mechanical Insulation grant amount is $"& TEXT(_xlpm.finalGrant,"#,##0")& " and is within the applicable Track 4 funding limits." ) ) ), IF( _xlpm.finalGrant<=0, "No eligible grant amount was calculated."& _xlpm.eeNote& _xlpm.solarNote& _xlpm.tandemNote& _xlpm.eligibilityNote, "The final calculated grant amount is $"& TEXT(_xlpm.finalGrant,"#,##0")& "."& _xlpm.eeNote& _xlpm.solarNote& _xlpm.tandemNote& _xlpm.eligibilityNote ) ) ) )}
A34: CARBON IMPACT
A36: Annual GHG Emissions Reduction from Electrification Projects (MTCO2e) | B36: =IF( OR('User Inputs'!$F$10="",'User Inputs'!$F$10=0), 0, SUM( IF( 'User Inputs'!$F$10>=1, IFERROR( ( INDEX('Embedded Values'!$D$22:$D$34,MATCH('User Inputs'!$B$34,'Embedded Values'!$B$22:$B$34,0))="Electrification" )* OR( INDEX('Embedded Values'!$F$22:$F$34,MATCH('User Inputs'!$B$34,'Embedded Values'!$B$22:$B$34,0))="All", ISNUMBER(SEARCH(";"&'User Inputs'!$B$10&";",";"&SUBSTITUTE(INDEX('Embedded Values'!$F$22:$F$34,MATCH('User Inputs'!$B$34,'Embedded Values'!$B$22:$B$34,0)),"; ",";")&";")) )* OR( INDEX('Embedded Values'!$E$22:$E$34,MATCH('User Inputs'!$B$34,'Embedded Values'!$B$22:$B$34,0))<>"Tandem", 'Dev. Notes'!$C$93=TRUE )* ( IF(OR(N('User Inputs'!$B$23)>0,N('User Inputs'!$B$41)<0),'User Inputs'!$B$41*'Embedded Values'!$D$5,0)+ IF(OR(N('User Inputs'!$D$23)>0,N('User Inputs'!$D$41)<0),'User Inputs'!$D$41*'Embedded Values'!$D$6,0)+ IF(OR(N('User Inputs'!$F$23)>0,N('User Inputs'!$F$41)<0),'User Inputs'!$F$41*'Embedded Values'!$D$7,0)+ IF(OR(N('User Inputs'!$H$23)>0,N('User Inputs'!$H$41)<0),'User Inputs'!$H$41*'Embedded Values'!$D$8,0)+ IF(OR(N('User Inputs'!$J$23)>0,N('User Inputs'!$J$41)<0),'User Inputs'!$J$41*'Embedded Values'!$D$9,0) ), 0 ), 0 ), IF( 'User Inputs'!$F$10>=2, IFERROR( ( INDEX('Embedded Values'!$D$22:$D$34,MATCH('User Inputs'!$D$34,'Embedded Values'!$B$22:$B$34,0))="Electrification" )* OR( INDEX('Embedded Values'!$F$22:$F$34,MATCH('User Inputs'!$D$34,'Embedded Values'!$B$22:$B$34,0))="All", ISNUMBER(SEARCH(";"&'User Inputs'!$B$10&";",";"&SUBSTITUTE(INDEX('Embedded Values'!$F$22:$F$34,MATCH('User Inputs'!$D$34,'Embedded Values'!$B$22:$B$34,0)),"; ",";")&";")) )* OR( INDEX('Embedded Values'!$E$22:$E$34,MATCH('User Inputs'!$D$34,'Embedded Values'!$B$22:$B$34,0))<>"Tandem", 'Dev. Notes'!$C$93=TRUE )* ( IF(OR(N('User Inputs'!$B$23)>0,N('User Inputs'!$B$43)<0),'User Inputs'!$B$43*'Embedded Values'!$D$5,0)+ IF(OR(N('User Inputs'!$D$23)>0,N('User Inputs'!$D$43)<0),'User Inputs'!$D$43*'Embedded Values'!$D$6,0)+ IF(OR(N('User Inputs'!$F$23)>0,N('User Inputs'!$F$43)<0),'User Inputs'!$F$43*'Embedded Values'!$D$7,0)+ IF(OR(N('User Inputs'!$H$23)>0,N('User Inputs'!$H$43)<0),'User Inputs'!$H$43*'Embedded Values'!$D$8,0)+ IF(OR(N('User Inputs'!$J$23)>0,N('User Inputs'!$J$43)<0),'User Inputs'!$J$43*'Embedded Values'!$D$9,0) ), 0 ), 0 ), IF( 'User Inputs'!$F$10>=3, IFERROR( ( INDEX('Embedded Values'!$D$22:$D$34,MATCH('User Inputs'!$F$34,'Embedded Values'!$B$22:$B$34,0))="Electrification" )* OR( INDEX('Embedded Values'!$F$22:$F$34,MATCH('User Inputs'!$F$34,'Embedded Values'!$B$22:$B$34,0))="All", ISNUMBER(SEARCH(";"&'User Inputs'!$B$10&";",";"&SUBSTITUTE(INDEX('Embedded Values'!$F$22:$F$34,MATCH('User Inputs'!$F$34,'Embedded Values'!$B$22:$B$34,0)),"; ",";")&";")) )* OR( INDEX('Embedded Values'!$E$22:$E$34,MATCH('User Inputs'!$F$34,'Embedded Values'!$B$22:$B$34,0))<>"Tandem", 'Dev. Notes'!$C$93=TRUE )* ( IF(OR(N('User Inputs'!$B$23)>0,N('User Inputs'!$B$45)<0),'User Inputs'!$B$45*'Embedded Values'!$D$5,0)+ IF(OR(N('User Inputs'!$D$23)>0,N('User Inputs'!$D$45)<0),'User Inputs'!$D$45*'Embedded Values'!$D$6,0)+ IF(OR(N('User Inputs'!$F$23)>0,N('User Inputs'!$F$45)<0),'User Inputs'!$F$45*'Embedded Values'!$D$7,0)+ IF(OR(N('User Inputs'!$H$23)>0,N('User Inputs'!$H$45)<0),'User Inputs'!$H$45*'Embedded Values'!$D$8,0)+ IF(OR(N('User Inputs'!$J$23)>0,N('User Inputs'!$J$45)<0),'User Inputs'!$J$45*'Embedded Values'!$D$9,0) ), 0 ), 0 ), IF( 'User Inputs'!$F$10>=4, IFERROR( ( INDEX('Embedded Values'!$D$22:$D$34,MATCH('User Inputs'!$H$34,'Embedded Values'!$B$22:$B$34,0))="Electrification" )* OR( INDEX('Embedded Values'!$F$22:$F$34,MATCH('User Inputs'!$H$34,'Embedded Values'!$B$22:$B$34,0))="All", ISNUMBER(SEARCH(";"&'User Inputs'!$B$10&";",";"&SUBSTITUTE(INDEX('Embedded Values'!$F$22:$F$34,MATCH('User Inputs'!$H$34,'Embedded Values'!$B$22:$B$34,0)),"; ",";")&";")) )* OR( INDEX('Embedded Values'!$E$22:$E$34,MATCH('User Inputs'!$H$34,'Embedded Values'!$B$22:$B$34,0))<>"Tandem", 'Dev. Notes'!$C$93=TRUE )* ( IF(OR(N('User Inputs'!$B$23)>0,N('User Inputs'!$B$47)<0),'User Inputs'!$B$47*'Embedded Values'!$D$5,0)+ IF(OR(N('User Inputs'!$D$23)>0,N('User Inputs'!$D$47)<0),'User Inputs'!$D$47*'Embedded Values'!$D$6,0)+ IF(OR(N('User Inputs'!$F$23)>0,N('User Inputs'!$F$47)<0),'User Inputs'!$F$47*'Embedded Values'!$D$7,0)+ IF(OR(N('User Inputs'!$H$23)>0,N('User Inputs'!$H$47)<0),'User Inputs'!$H$47*'Embedded Values'!$D$8,0)+ IF(OR(N('User Inputs'!$J$23)>0,N('User Inputs'!$J$47)<0),'User Inputs'!$J$47*'Embedded Values'!$D$9,0) ), 0 ), 0 ) ) ) -> 0 | C36: Annual GHG Emissions Reduction from Energy Efficiency Projects (MTCO2e) | D36: =IF( OR('User Inputs'!$F$10="",'User Inputs'!$F$10=0), 0, SUM( IF( 'User Inputs'!$F$10>=1, IFERROR( ( INDEX('Embedded Values'!$D$22:$D$34,MATCH('User Inputs'!$B$34,'Embedded Values'!$B$22:$B$34,0))="Energy Efficiency" )* OR( INDEX('Embedded Values'!$F$22:$F$34,MATCH('User Inputs'!$B$34,'Embedded Values'!$B$22:$B$34,0))="All", ISNUMBER(SEARCH(";"&'User Inputs'!$B$10&";",";"&SUBSTITUTE(INDEX('Embedded Values'!$F$22:$F$34,MATCH('User Inputs'!$B$34,'Embedded Values'!$B$22:$B$34,0)),"; ",";")&";")) )* OR( INDEX('Embedded Values'!$E$22:$E$34,MATCH('User Inputs'!$B$34,'Embedded Values'!$B$22:$B$34,0))<>"Tandem", 'Dev. Notes'!$C$93=TRUE )* ( IF(OR(N('User Inputs'!$B$23)>0,N('User Inputs'!$B$41)<0),'User Inputs'!$B$41*'Embedded Values'!$D$5,0)+ IF(OR(N('User Inputs'!$D$23)>0,N('User Inputs'!$D$41)<0),'User Inputs'!$D$41*'Embedded Values'!$D$6,0)+ IF(OR(N('User Inputs'!$F$23)>0,N('User Inputs'!$F$41)<0),'User Inputs'!$F$41*'Embedded Values'!$D$7,0)+ IF(OR(N('User Inputs'!$H$23)>0,N('User Inputs'!$H$41)<0),'User Inputs'!$H$41*'Embedded Values'!$D$8,0)+ IF(OR(N('User Inputs'!$J$23)>0,N('User Inputs'!$J$41)<0),'User Inputs'!$J$41*'Embedded Values'!$D$9,0) ), 0 ), 0 ), IF( 'User Inputs'!$F$10>=2, IFERROR( ( INDEX('Embedded Values'!$D$22:$D$34,MATCH('User Inputs'!$D$34,'Embedded Values'!$B$22:$B$34,0))="Energy Efficiency" )* OR( INDEX('Embedded Values'!$F$22:$F$34,MATCH('User Inputs'!$D$34,'Embedded Values'!$B$22:$B$34,0))="All", ISNUMBER(SEARCH(";"&'User Inputs'!$B$10&";",";"&SUBSTITUTE(INDEX('Embedded Values'!$F$22:$F$34,MATCH('User Inputs'!$D$34,'Embedded Values'!$B$22:$B$34,0)),"; ",";")&";")) )* OR( INDEX('Embedded Values'!$E$22:$E$34,MATCH('User Inputs'!$D$34,'Embedded Values'!$B$22:$B$34,0))<>"Tandem", 'Dev. Notes'!$C$93=TRUE )* ( IF(OR(N('User Inputs'!$B$23)>0,N('User Inputs'!$B$43)<0),'User Inputs'!$B$43*'Embedded Values'!$D$5,0)+ IF(OR(N('User Inputs'!$D$23)>0,N('User Inputs'!$D$43)<0),'User Inputs'!$D$43*'Embedded Values'!$D$6,0)+ IF(OR(N('User Inputs'!$F$23)>0,N('User Inputs'!$F$43)<0),'User Inputs'!$F$43*'Embedded Values'!$D$7,0)+ IF(OR(N('User Inputs'!$H$23)>0,N('User Inputs'!$H$43)<0),'User Inputs'!$H$43*'Embedded Values'!$D$8,0)+ IF(OR(N('User Inputs'!$J$23)>0,N('User Inputs'!$J$43)<0),'User Inputs'!$J$43*'Embedded Values'!$D$9,0) ), 0 ), 0 ), IF( 'User Inputs'!$F$10>=3, IFERROR( ( INDEX('Embedded Values'!$D$22:$D$34,MATCH('User Inputs'!$F$34,'Embedded Values'!$B$22:$B$34,0))="Energy Efficiency" )* OR( INDEX('Embedded Values'!$F$22:$F$34,MATCH('User Inputs'!$F$34,'Embedded Values'!$B$22:$B$34,0))="All", ISNUMBER(SEARCH(";"&'User Inputs'!$B$10&";",";"&SUBSTITUTE(INDEX('Embedded Values'!$F$22:$F$34,MATCH('User Inputs'!$F$34,'Embedded Values'!$B$22:$B$34,0)),"; ",";")&";")) )* OR( INDEX('Embedded Values'!$E$22:$E$34,MATCH('User Inputs'!$F$34,'Embedded Values'!$B$22:$B$34,0))<>"Tandem", 'Dev. Notes'!$C$93=TRUE )* ( IF(OR(N('User Inputs'!$B$23)>0,N('User Inputs'!$B$45)<0),'User Inputs'!$B$45*'Embedded Values'!$D$5,0)+ IF(OR(N('User Inputs'!$D$23)>0,N('User Inputs'!$D$45)<0),'User Inputs'!$D$45*'Embedded Values'!$D$6,0)+ IF(OR(N('User Inputs'!$F$23)>0,N('User Inputs'!$F$45)<0),'User Inputs'!$F$45*'Embedded Values'!$D$7,0)+ IF(OR(N('User Inputs'!$H$23)>0,N('User Inputs'!$H$45)<0),'User Inputs'!$H$45*'Embedded Values'!$D$8,0)+ IF(OR(N('User Inputs'!$J$23)>0,N('User Inputs'!$J$45)<0),'User Inputs'!$J$45*'Embedded Values'!$D$9,0) ), 0 ), 0 ), IF( 'User Inputs'!$F$10>=4, IFERROR( ( INDEX('Embedded Values'!$D$22:$D$34,MATCH('User Inputs'!$H$34,'Embedded Values'!$B$22:$B$34,0))="Energy Efficiency" )* OR( INDEX('Embedded Values'!$F$22:$F$34,MATCH('User Inputs'!$H$34,'Embedded Values'!$B$22:$B$34,0))="All", ISNUMBER(SEARCH(";"&'User Inputs'!$B$10&";",";"&SUBSTITUTE(INDEX('Embedded Values'!$F$22:$F$34,MATCH('User Inputs'!$H$34,'Embedded Values'!$B$22:$B$34,0)),"; ",";")&";")) )* OR( INDEX('Embedded Values'!$E$22:$E$34,MATCH('User Inputs'!$H$34,'Embedded Values'!$B$22:$B$34,0))<>"Tandem", 'Dev. Notes'!$C$93=TRUE )* ( IF(OR(N('User Inputs'!$B$23)>0,N('User Inputs'!$B$47)<0),'User Inputs'!$B$47*'Embedded Values'!$D$5,0)+ IF(OR(N('User Inputs'!$D$23)>0,N('User Inputs'!$D$47)<0),'User Inputs'!$D$47*'Embedded Values'!$D$6,0)+ IF(OR(N('User Inputs'!$F$23)>0,N('User Inputs'!$F$47)<0),'User Inputs'!$F$47*'Embedded Values'!$D$7,0)+ IF(OR(N('User Inputs'!$H$23)>0,N('User Inputs'!$H$47)<0),'User Inputs'!$H$47*'Embedded Values'!$D$8,0)+ IF(OR(N('User Inputs'!$J$23)>0,N('User Inputs'!$J$47)<0),'User Inputs'!$J$47*'Embedded Values'!$D$9,0) ), 0 ), 0 ) ) ) -> 0 | E36: Annual GHG Emissions Reduction from Solar Projects (MTCO2e) | F36: {=IF( OR( 'User Inputs'!$B$10='Dev. Notes'!$B$17, 'User Inputs'!$H$10='Dev. Notes'!$B$4 ), 0, _xlfn.SWITCH( 'User Inputs'!$H$10, 'Dev. Notes'!$B$5, IFERROR(--'User Inputs'!$F$58,0)*'Embedded Values'!$D$5, 'Dev. Notes'!$B$6, IFERROR(--'User Inputs'!$F$60,0)*'Embedded Values'!$D$5, 'Dev. Notes'!$B$7, ( IFERROR(--'User Inputs'!$F$58,0) +IFERROR(--'User Inputs'!$F$60,0) )*'Embedded Values'!$D$5, 0 ) )} -> 0 | I36: Total Annual GHG Emissions Reduction (MTCO2e) | J36: =SUM($B$36,$D$36,$F$36) -> 0
A38: Lifetime GHG Emissions Reduction from Electrification Projects (MTCO2e) | B38: =IF( OR('User Inputs'!$F$10="",'User Inputs'!$F$10=0), 0, SUM( IF( 'User Inputs'!$F$10>=1, IFERROR( ( INDEX('Embedded Values'!$D$22:$D$34,MATCH('User Inputs'!$B$34,'Embedded Values'!$B$22:$B$34,0))="Electrification" )* OR( INDEX('Embedded Values'!$F$22:$F$34,MATCH('User Inputs'!$B$34,'Embedded Values'!$B$22:$B$34,0))="All", ISNUMBER(SEARCH(";"&'User Inputs'!$B$10&";",";"&SUBSTITUTE(INDEX('Embedded Values'!$F$22:$F$34,MATCH('User Inputs'!$B$34,'Embedded Values'!$B$22:$B$34,0)),"; ",";")&";")) )* OR( INDEX('Embedded Values'!$E$22:$E$34,MATCH('User Inputs'!$B$34,'Embedded Values'!$B$22:$B$34,0))<>"Tandem", 'Dev. Notes'!$C$93=TRUE )* ( IF(OR(N('User Inputs'!$B$23)>0,N('User Inputs'!$B$41)<0),'User Inputs'!$B$41*'Embedded Values'!$D$5,0)+ IF(OR(N('User Inputs'!$D$23)>0,N('User Inputs'!$D$41)<0),'User Inputs'!$D$41*'Embedded Values'!$D$6,0)+ IF(OR(N('User Inputs'!$F$23)>0,N('User Inputs'!$F$41)<0),'User Inputs'!$F$41*'Embedded Values'!$D$7,0)+ IF(OR(N('User Inputs'!$H$23)>0,N('User Inputs'!$H$41)<0),'User Inputs'!$H$41*'Embedded Values'!$D$8,0)+ IF(OR(N('User Inputs'!$J$23)>0,N('User Inputs'!$J$41)<0),'User Inputs'!$J$41*'Embedded Values'!$D$9,0) )* INDEX('Embedded Values'!$C$22:$C$34,MATCH('User Inputs'!$B$34,'Embedded Values'!$B$22:$B$34,0)), 0 ), 0 ), IF( 'User Inputs'!$F$10>=2, IFERROR( ( INDEX('Embedded Values'!$D$22:$D$34,MATCH('User Inputs'!$D$34,'Embedded Values'!$B$22:$B$34,0))="Electrification" )* OR( INDEX('Embedded Values'!$F$22:$F$34,MATCH('User Inputs'!$D$34,'Embedded Values'!$B$22:$B$34,0))="All", ISNUMBER(SEARCH(";"&'User Inputs'!$B$10&";",";"&SUBSTITUTE(INDEX('Embedded Values'!$F$22:$F$34,MATCH('User Inputs'!$D$34,'Embedded Values'!$B$22:$B$34,0)),"; ",";")&";")) )* OR( INDEX('Embedded Values'!$E$22:$E$34,MATCH('User Inputs'!$D$34,'Embedded Values'!$B$22:$B$34,0))<>"Tandem", 'Dev. Notes'!$C$93=TRUE )* ( IF(OR(N('User Inputs'!$B$23)>0,N('User Inputs'!$B$43)<0),'User Inputs'!$B$43*'Embedded Values'!$D$5,0)+ IF(OR(N('User Inputs'!$D$23)>0,N('User Inputs'!$D$43)<0),'User Inputs'!$D$43*'Embedded Values'!$D$6,0)+ IF(OR(N('User Inputs'!$F$23)>0,N('User Inputs'!$F$43)<0),'User Inputs'!$F$43*'Embedded Values'!$D$7,0)+ IF(OR(N('User Inputs'!$H$23)>0,N('User Inputs'!$H$43)<0),'User Inputs'!$H$43*'Embedded Values'!$D$8,0)+ IF(OR(N('User Inputs'!$J$23)>0,N('User Inputs'!$J$43)<0),'User Inputs'!$J$43*'Embedded Values'!$D$9,0) )* INDEX('Embedded Values'!$C$22:$C$34,MATCH('User Inputs'!$D$34,'Embedded Values'!$B$22:$B$34,0)), 0 ), 0 ), IF( 'User Inputs'!$F$10>=3, IFERROR( ( INDEX('Embedded Values'!$D$22:$D$34,MATCH('User Inputs'!$F$34,'Embedded Values'!$B$22:$B$34,0))="Electrification" )* OR( INDEX('Embedded Values'!$F$22:$F$34,MATCH('User Inputs'!$F$34,'Embedded Values'!$B$22:$B$34,0))="All", ISNUMBER(SEARCH(";"&'User Inputs'!$B$10&";",";"&SUBSTITUTE(INDEX('Embedded Values'!$F$22:$F$34,MATCH('User Inputs'!$F$34,'Embedded Values'!$B$22:$B$34,0)),"; ",";")&";")) )* OR( INDEX('Embedded Values'!$E$22:$E$34,MATCH('User Inputs'!$F$34,'Embedded Values'!$B$22:$B$34,0))<>"Tandem", 'Dev. Notes'!$C$93=TRUE )* ( IF(OR(N('User Inputs'!$B$23)>0,N('User Inputs'!$B$45)<0),'User Inputs'!$B$45*'Embedded Values'!$D$5,0)+ IF(OR(N('User Inputs'!$D$23)>0,N('User Inputs'!$D$45)<0),'User Inputs'!$D$45*'Embedded Values'!$D$6,0)+ IF(OR(N('User Inputs'!$F$23)>0,N('User Inputs'!$F$45)<0),'User Inputs'!$F$45*'Embedded Values'!$D$7,0)+ IF(OR(N('User Inputs'!$H$23)>0,N('User Inputs'!$H$45)<0),'User Inputs'!$H$45*'Embedded Values'!$D$8,0)+ IF(OR(N('User Inputs'!$J$23)>0,N('User Inputs'!$J$45)<0),'User Inputs'!$J$45*'Embedded Values'!$D$9,0) )* INDEX('Embedded Values'!$C$22:$C$34,MATCH('User Inputs'!$F$34,'Embedded Values'!$B$22:$B$34,0)), 0 ), 0 ), IF( 'User Inputs'!$F$10>=4, IFERROR( ( INDEX('Embedded Values'!$D$22:$D$34,MATCH('User Inputs'!$H$34,'Embedded Values'!$B$22:$B$34,0))="Electrification" )* OR( INDEX('Embedded Values'!$F$22:$F$34,MATCH('User Inputs'!$H$34,'Embedded Values'!$B$22:$B$34,0))="All", ISNUMBER(SEARCH(";"&'User Inputs'!$B$10&";",";"&SUBSTITUTE(INDEX('Embedded Values'!$F$22:$F$34,MATCH('User Inputs'!$H$34,'Embedded Values'!$B$22:$B$34,0)),"; ",";")&";")) )* OR( INDEX('Embedded Values'!$E$22:$E$34,MATCH('User Inputs'!$H$34,'Embedded Values'!$B$22:$B$34,0))<>"Tandem", 'Dev. Notes'!$C$93=TRUE )* ( IF(OR(N('User Inputs'!$B$23)>0,N('User Inputs'!$B$47)<0),'User Inputs'!$B$47*'Embedded Values'!$D$5,0)+ IF(OR(N('User Inputs'!$D$23)>0,N('User Inputs'!$D$47)<0),'User Inputs'!$D$47*'Embedded Values'!$D$6,0)+ IF(OR(N('User Inputs'!$F$23)>0,N('User Inputs'!$F$47)<0),'User Inputs'!$F$47*'Embedded Values'!$D$7,0)+ IF(OR(N('User Inputs'!$H$23)>0,N('User Inputs'!$H$47)<0),'User Inputs'!$H$47*'Embedded Values'!$D$8,0)+ IF(OR(N('User Inputs'!$J$23)>0,N('User Inputs'!$J$47)<0),'User Inputs'!$J$47*'Embedded Values'!$D$9,0) )* INDEX('Embedded Values'!$C$22:$C$34,MATCH('User Inputs'!$H$34,'Embedded Values'!$B$22:$B$34,0)), 0 ), 0 ) ) ) -> 0 | C38: Lifetime GHG Emissions Reduction from Energy Efficiency Projects (MTCO2e) | D38: =IF( OR('User Inputs'!$F$10="",'User Inputs'!$F$10=0), 0, SUM( IF( 'User Inputs'!$F$10>=1, IFERROR( ( INDEX('Embedded Values'!$D$22:$D$34,MATCH('User Inputs'!$B$34,'Embedded Values'!$B$22:$B$34,0))="Energy Efficiency" )* OR( INDEX('Embedded Values'!$F$22:$F$34,MATCH('User Inputs'!$B$34,'Embedded Values'!$B$22:$B$34,0))="All", ISNUMBER(SEARCH(";"&'User Inputs'!$B$10&";",";"&SUBSTITUTE(INDEX('Embedded Values'!$F$22:$F$34,MATCH('User Inputs'!$B$34,'Embedded Values'!$B$22:$B$34,0)),"; ",";")&";")) )* OR( INDEX('Embedded Values'!$E$22:$E$34,MATCH('User Inputs'!$B$34,'Embedded Values'!$B$22:$B$34,0))<>"Tandem", 'Dev. Notes'!$C$93=TRUE )* ( IF(OR(N('User Inputs'!$B$23)>0,N('User Inputs'!$B$41)<0),'User Inputs'!$B$41*'Embedded Values'!$D$5,0)+ IF(OR(N('User Inputs'!$D$23)>0,N('User Inputs'!$D$41)<0),'User Inputs'!$D$41*'Embedded Values'!$D$6,0)+ IF(OR(N('User Inputs'!$F$23)>0,N('User Inputs'!$F$41)<0),'User Inputs'!$F$41*'Embedded Values'!$D$7,0)+ IF(OR(N('User Inputs'!$H$23)>0,N('User Inputs'!$H$41)<0),'User Inputs'!$H$41*'Embedded Values'!$D$8,0)+ IF(OR(N('User Inputs'!$J$23)>0,N('User Inputs'!$J$41)<0),'User Inputs'!$J$41*'Embedded Values'!$D$9,0) )* INDEX('Embedded Values'!$C$22:$C$34,MATCH('User Inputs'!$B$34,'Embedded Values'!$B$22:$B$34,0)), 0 ), 0 ), IF( 'User Inputs'!$F$10>=2, IFERROR( ( INDEX('Embedded Values'!$D$22:$D$34,MATCH('User Inputs'!$D$34,'Embedded Values'!$B$22:$B$34,0))="Energy Efficiency" )* OR( INDEX('Embedded Values'!$F$22:$F$34,MATCH('User Inputs'!$D$34,'Embedded Values'!$B$22:$B$34,0))="All", ISNUMBER(SEARCH(";"&'User Inputs'!$B$10&";",";"&SUBSTITUTE(INDEX('Embedded Values'!$F$22:$F$34,MATCH('User Inputs'!$D$34,'Embedded Values'!$B$22:$B$34,0)),"; ",";")&";")) )* OR( INDEX('Embedded Values'!$E$22:$E$34,MATCH('User Inputs'!$D$34,'Embedded Values'!$B$22:$B$34,0))<>"Tandem", 'Dev. Notes'!$C$93=TRUE )* ( IF(OR(N('User Inputs'!$B$23)>0,N('User Inputs'!$B$43)<0),'User Inputs'!$B$43*'Embedded Values'!$D$5,0)+ IF(OR(N('User Inputs'!$D$23)>0,N('User Inputs'!$D$43)<0),'User Inputs'!$D$43*'Embedded Values'!$D$6,0)+ IF(OR(N('User Inputs'!$F$23)>0,N('User Inputs'!$F$43)<0),'User Inputs'!$F$43*'Embedded Values'!$D$7,0)+ IF(OR(N('User Inputs'!$H$23)>0,N('User Inputs'!$H$43)<0),'User Inputs'!$H$43*'Embedded Values'!$D$8,0)+ IF(OR(N('User Inputs'!$J$23)>0,N('User Inputs'!$J$43)<0),'User Inputs'!$J$43*'Embedded Values'!$D$9,0) )* INDEX('Embedded Values'!$C$22:$C$34,MATCH('User Inputs'!$D$34,'Embedded Values'!$B$22:$B$34,0)), 0 ), 0 ), IF( 'User Inputs'!$F$10>=3, IFERROR( ( INDEX('Embedded Values'!$D$22:$D$34,MATCH('User Inputs'!$F$34,'Embedded Values'!$B$22:$B$34,0))="Energy Efficiency" )* OR( INDEX('Embedded Values'!$F$22:$F$34,MATCH('User Inputs'!$F$34,'Embedded Values'!$B$22:$B$34,0))="All", ISNUMBER(SEARCH(";"&'User Inputs'!$B$10&";",";"&SUBSTITUTE(INDEX('Embedded Values'!$F$22:$F$34,MATCH('User Inputs'!$F$34,'Embedded Values'!$B$22:$B$34,0)),"; ",";")&";")) )* OR( INDEX('Embedded Values'!$E$22:$E$34,MATCH('User Inputs'!$F$34,'Embedded Values'!$B$22:$B$34,0))<>"Tandem", 'Dev. Notes'!$C$93=TRUE )* ( IF(OR(N('User Inputs'!$B$23)>0,N('User Inputs'!$B$45)<0),'User Inputs'!$B$45*'Embedded Values'!$D$5,0)+ IF(OR(N('User Inputs'!$D$23)>0,N('User Inputs'!$D$45)<0),'User Inputs'!$D$45*'Embedded Values'!$D$6,0)+ IF(OR(N('User Inputs'!$F$23)>0,N('User Inputs'!$F$45)<0),'User Inputs'!$F$45*'Embedded Values'!$D$7,0)+ IF(OR(N('User Inputs'!$H$23)>0,N('User Inputs'!$H$45)<0),'User Inputs'!$H$45*'Embedded Values'!$D$8,0)+ IF(OR(N('User Inputs'!$J$23)>0,N('User Inputs'!$J$45)<0),'User Inputs'!$J$45*'Embedded Values'!$D$9,0) )* INDEX('Embedded Values'!$C$22:$C$34,MATCH('User Inputs'!$F$34,'Embedded Values'!$B$22:$B$34,0)), 0 ), 0 ), IF( 'User Inputs'!$F$10>=4, IFERROR( ( INDEX('Embedded Values'!$D$22:$D$34,MATCH('User Inputs'!$H$34,'Embedded Values'!$B$22:$B$34,0))="Energy Efficiency" )* OR( INDEX('Embedded Values'!$F$22:$F$34,MATCH('User Inputs'!$H$34,'Embedded Values'!$B$22:$B$34,0))="All", ISNUMBER(SEARCH(";"&'User Inputs'!$B$10&";",";"&SUBSTITUTE(INDEX('Embedded Values'!$F$22:$F$34,MATCH('User Inputs'!$H$34,'Embedded Values'!$B$22:$B$34,0)),"; ",";")&";")) )* OR( INDEX('Embedded Values'!$E$22:$E$34,MATCH('User Inputs'!$H$34,'Embedded Values'!$B$22:$B$34,0))<>"Tandem", 'Dev. Notes'!$C$93=TRUE )* ( IF(OR(N('User Inputs'!$B$23)>0,N('User Inputs'!$B$47)<0),'User Inputs'!$B$47*'Embedded Values'!$D$5,0)+ IF(OR(N('User Inputs'!$D$23)>0,N('User Inputs'!$D$47)<0),'User Inputs'!$D$47*'Embedded Values'!$D$6,0)+ IF(OR(N('User Inputs'!$F$23)>0,N('User Inputs'!$F$47)<0),'User Inputs'!$F$47*'Embedded Values'!$D$7,0)+ IF(OR(N('User Inputs'!$H$23)>0,N('User Inputs'!$H$47)<0),'User Inputs'!$H$47*'Embedded Values'!$D$8,0)+ IF(OR(N('User Inputs'!$J$23)>0,N('User Inputs'!$J$47)<0),'User Inputs'!$J$47*'Embedded Values'!$D$9,0) )* INDEX('Embedded Values'!$C$22:$C$34,MATCH('User Inputs'!$H$34,'Embedded Values'!$B$22:$B$34,0)), 0 ), 0 ) ) ) -> 0 | E38: Lifetime GHG Emissions Reduction from Solar Projects (MTCO2e) | F38: =IF( $F$36<=0, 0, $F$36*'Embedded Values'!$C$34 ) -> 0 | I38: Total Lifetime GHG Emissions Reduction (MTCO2e) | J38: =SUM($B$38,$D$38,$F$38) -> 0

Sheet Embedded Values
B1: EMBEDDED VALUES
B3: EMISSIONS FACTORS | G3: DATA DATED | H3: SOURCE | I3: LINK
B4: Fuel | C4: Unit | D4: Emissions Factor (MT CO2e/unit) | H4: MEA Data
B5: Electricity | C5: kWh | D5: 0.0003077273
B6: Natural Gas | C6: therm | D6: 0.00535664
B7: Propane | C7: gallon | D7: 0.0058112625
B8: Fuel Oil #2 (heating oil) | C8: gallon | D8: 0.0103369
B9: Coal | C9: ton | D9: 0.6637
B11: DEFAULT ENERGY PRICES
B12: Fuel | C12: Unit | D12: Cost ($/unit)
B13: Electricity | C13: kWh | D13: 0.1819 | G13: 46023 | H13: Commercial cost | I13: https://www.eia.gov/state/data.php?sid=MD
B14: Natural Gas | C14: therm | D14: 0.7717 | G14: 46023 | H14: City Gate cost | I14: https://www.eia.gov/state/data.php?sid=MD
B15: Propane | C15: gallon | D15: 1.22 | G15: 46082
B16: Fuel Oil #2 (heating oil) | C16: gallon | D16: 4.612 | G16: 46082 | I16: https://www.eia.gov/dnav/pet/hist/LeafHandler.ashx?n=PET&s=W_EPD2F_PWR_SMD_DPG&f=W
B17: Coal | C17: ton | D17: 95.93 | G17: 44986 | I17: https://www.eia.gov/states/MD/data/dashboard/coal
B19: ELIGIBLE MEASURES
B20: Energy Conservation Measure (ECM) | C20: Expected Useful Life (Years) | D20: Project Category | E20: Program Measure Category | F20: Building Eligibility
B21: [Select an ECM from the dropdown list] | H21: MEA Assumptions
B22: HVAC & Heat Pump — Fuel Switching | C22: 20 | D22: Electrification | E22: Core | F22: All
B23: HVAC & Heat Pump — Efficiency Upgrade | C23: 20 | D23: Energy Efficiency | E23: Core | F23: All
B24: Commercial Appliances — Fuel Switching | C24: 20 | D24: Electrification | E24: Core | F24: All
B25: Commercial Appliances — Efficiency Upgrade | C25: 20 | D25: Energy Efficiency | E25: Core | F25: All
B26: Refrigeration Equipment | C26: 20 | D26: Energy Efficiency | E26: Core | F26: All
B27: Air Sealing/ Insulation | C27: 20 | D27: Energy Efficiency | E27: Tandem | F27: All
B28: Window and Exterior Door Replacements | C28: 20 | D28: Energy Efficiency | E28: Tandem | F28: All
B29: Lighting — Interior LED | C29: 20 | D29: Energy Efficiency | E29: Core | F29: Local Government; PreK-12 Public School; PreK-12 Public School - $50 Bonus Eligible
B30: Lighting — Exterior and Street | C30: 20 | D30: Energy Efficiency | E30: Core | F30: Local Government; PreK-12 Public School; PreK-12 Public School - $50 Bonus Eligible
B31: Mechanical Insulation | C31: 20 | D31: Energy Efficiency | E31: Standalone | F31: All
B32: Electric Panel and Wiring Upgrades | C32: 20 | D32: Energy Efficiency | E32: Tandem | F32: All
B33: Building Automation Systems/Controls | C33: 20 | D33: Energy Efficiency | E33: Tandem | F33: All
B34: Solar | C34: 25 | D34: Solar | E34: Core | F34: Non-Profit; Local Government; PreK-12 Public School; PreK-12 Public School - $50 Bonus Eligible
B36: ENERGY UNIT CONVERSION FACTORS
B37: Fuel | C37: Unit | D37: kBtu/Unit
B38: Electricity | C38: kWh | D38: 3.412
B39: Natural Gas | C39: therm | D39: 100
B40: Propane | C40: gallon | D40: 91.333
B41: Fuel Oil #2 (heating oil) | C41: gallon | D41: 138.5
B42: Coal | C42: ton | D42: 25090

Sheet MEA Incentives
A1: MEA Incentives
A2: for FY27 Commercial & Community Buildings
A4: Commercial Buildings | B4: Electrification | C4: Energy Efficiency | D4: BEPS Bonus
A5: Lifetime MTCO2e Reduced (200 - 2,499) | B5: 300 | C5: 300 | D5: 50
A6: Lifetime MTCO2e Reduced (2,500 - 4,999) | B6: 350 | C6: 350 | D6: 50
A7: Lifetime MTCO2e Reduced (5,000+) | B7: 400 | C7: 400 | D7: 50
A8: Minimum Grant Amount | B8: 50000 | C8: 50000
A9: Maximum Grant Amount | B9: 2500000 | C9: 2500000
A10: Total Project Cost% Cap | B10: 0.65 | C10: 0.65
A13: Non-Profits | B13: Electrification | C13: Energy Efficiency | D13: BEPS Bonus
A14: Lifetime MTCO2e Reduced (200 - 2,499) | B14: 300 | C14: 300 | D14: 50
A15: Lifetime MTCO2e Reduced (2,500 - 4,999) | B15: 350 | C15: 350 | D15: 50
A16: Lifetime MTCO2e Reduced (5,000+) | B16: 400 | C16: 400 | D16: 50
A17: Minimum Grant Amount | B17: 50000 | C17: 50000
A18: Maximum Grant Amount | B18: 2500000 | C18: 2500000
A19: Total Project Cost % Cap | B19: 0.65 | C19: 0.65
A22: Local Governments | B22: Electrification | C22: Energy Efficiency
A23: Lifetime MTCO2e Reduced (200 - 2,499) | B23: 400 | C23: 400
A24: Lifetime MTCO2e Reduced (2,500 - 4,999) | B24: 450 | C24: 450
A25: Lifetime MTCO2e Reduced (5,000+) | B25: 500 | C25: 500
A26: Minimum Grant Amount | B26: 50000 | C26: 50000
A27: Maximum Grant Amount | B27: 3000000 | C27: 3000000
A28: Total Project Cost% Cap | B28: 0.8 | C28: 0.8
A31: Local Education Agencies (LEAs) PreK-12 Schools | B31: Electrification | C31: Energy Efficiency | D31: ENOUGH Act + Overburdened Bonus
A32: Lifetime MTCO2e Reduced (200 - 2,499) | B32: 450 | C32: 450 | D32: 50
A33: Lifetime MTCO2e Reduced (2,500 - 4,999) | B33: 500 | C33: 500 | D33: 50
A34: Lifetime MTCO2e Reduced (5,000+) | B34: 550 | C34: 550 | D34: 50
A35: Minimum Grant Amount | B35: 50000 | C35: 50000
A36: Maximum Grant Amount | B36: 3000000 | C36: 3000000
A37: Total Project Cost% Cap | B37: 0.9 | C37: 0.9
A40: Non-Profits Only (Solar) | B40: Solar I (Direct Ownership) | C40: Solar II (Third-Party Ownership) | D40: BEPS Bonus
A41: Groundmount & Rooftop Installations -- per kW | B41: 3000 | C41: 600 | D41: 50
A42: Solar Canopy Installations -- per kW | B42: 3500 | C42: 750 | D42: 50
A43: Minimum Grant Amount | B43: =B8 -> 50000 | C43: =C8 -> 50000
A44: Maximum Grant Amount | B44: 1000000 | C44: 1000000
A45: Total Project Cost% Cap | B45: 0.65 | C45: 0.65
A48: Local Governments (Solar) | B48: Solar I (Direct Ownership) | C48: Solar II (Third-Party Ownership)
A49: Groundmount & Rooftop Installations -- per kW | B49: 3000 | C49: 600
A50: Solar Canopy Installations -- per kW | B50: 3500 | C50: 750
A51: Minimum Grant Amount | B51: 50000 | C51: 50000
A52: Maximum Grant Amount | B52: 1000000 | C52: 1000000
A53: Total Project Cost% Cap | B53: 0.8 | C53: 0.8
A56: Local Education Agencies (LEAs) PreK-12 Schools (Solar) | B56: Solar I (Direct Ownership) | C56: Solar II (Third-Party Ownership) | D56: ENOUGH Act + Overburdened Bonus
A57: Groundmount & Rooftop Installations -- per kW | B57: 3000 | C57: 600 | D57: 50
A58: Solar Canopy Installations -- per kW | B58: 3500 | C58: 750 | D58: 50
A59: Minimum Grant Amount | B59: 50000 | C59: 50000
A60: Maximum Grant Amount | B60: 1000000 | C60: 1000000
A61: Total Project Cost% Cap | B61: 0.9 | C61: 0.9
A64: Mechanical Insulation (Track 4) | B64: Funding
A65: Minimum Grant Amount | B65: 3000
A66: Maximum Grant Amount | B66: 20000
A67: Total Project Cost% Cap | B67: 0.3
A68: Minimum Project Cost | B68: 10000
A71: Community Resilience (Track 5) | B71: Guidance
A72: Microgrids | B72: Track 5 projects will not use this Energy Impact and Grant Calculator
A73: Resilience Hubs | B73: Track 5 projects will not use this Energy Impact and Grant Calculator

Sheet Updates Log
A1: Updates Log To report bugs or suggest features, write to MEA at CommercialCommunity.MEA@maryland.gov
A3: ID | B3: Date Logged | C3: Type | D3: Description | E3: Version | F3: Status
A5: 015 | B5: 46293 | C5: Enhancement | D5: Added a contact email address to the 'Instructions' and 'Updates Log' tabs for user questions, suggestions, and support | E5: v1.003 | F5: Completed
A6: 014 | B6: 46293 | C6: Program Update | D6: Updated the Non-Profit Buildings maximum grant amount from $2,000,000 to $2,500,000 | E6: v1.003 | F6: Completed
A7: 013 | B7: 46288 | C7: Enhancement | D7: Added a Home navigation icon to applicant-facing worksheets that links directly back to the User Inputs tab for improved workbook navigation | E7: v1.002 | F7: Completed
A8: 012 | B8: 46288 | C8: Enhancement | D8: Updated the logic for grant amounts in Calculated Metrics so that the minimum grant and MTCO₂e requirements are applied after all eligible measures are combined into one complete project scope | E8: v1.002 | F8: Completed
A9: 011 | B9: 46288 | C9: Enhancement | D9: Included Solar as a qualifying Core measure to support Tandem measures | E9: v1.002 | F9: Completed
A10: 010 | B10: 46288 | C10: Enhancement | D10: Added Tandem and Core measure eligibility rules. The calculator now displays warnings when Tandem measures are selected without a supporting Core measure, while preserving the Mechanical Insulation-only exception | E10: v1.002 | F10: Completed
A11: 009 | B11: 46288 | C11: Enhancement | D11: Added eligibility for the Lighting ECM based on building type | E11: v1.002 | F11: Completed
A12: 008 | B12: 46288 | C12: Enhancement | D12: Updated Mechanical Insulation logic to apply Track 4 requirements to standalone projects and General Track requirements when combined with other eligible measures | E12: v1.002 | F12: Completed
A13: 007 | B13: 46288 | C13: Program Update | D13: Updated the Commercial Buildings maximum grant amount from $2,000,000 to $2,500,000 and the Local Government maximum grant amount from $2,000,000 to $3,000,000 | E13: v1.002 | F13: Completed
A14: 006 | B14: 46286 | C14: Program Update | D14: Added Electric Panel and Wiring Upgrades as an ECM | E14: v1.002 | F14: Completed
A15: 005 | B15: 46284 | C15: Instruction Update | D15: Updated baseline energy consumption instructions to clarify that users must enter zero for fuel types that are not relevant to the facility | E15: v1.002 | F15: Completed
A16: 004 | B16: 46284 | C16: Enhancement | D16: Added version numbers to headers in the following tabs: Instructions, User Inputs, Budget & Timeline and Calculated Metrics | E16: v1.002 | F16: Completed
... A19: 001 | B19: 46276 | C19: Bug Report | D19: The building is a PreK-12 Public School eligible for the $50 ENOUGH ACT and/or Overburdened $50 bonus, but the calculator is not reflecting the $50 bonus in the "Total MEA Grant Request" field on the User Inputs and Calculated Metrics tabs | E19: v1.000 | F19: Noted

Sheet Dev. Notes
B3: Solar PV Project
B4: None
B5: Ground Mount/Rooftop
B6: Solar Canopy
B7: Both
B9: Number of ECMs not including Solar
B10: 0
B11: 1
B12: 2
B13: 3
B14: 4
B16: Building Type
B17: Commercial
B18: Non-Profit
B19: Local Government
B20: PreK-12 Public School
B21: PreK-12 Public School - $50 Bonus Eligible
B23: Minimum Grant Amount for Mechanical Insulation Only
B24: 3000
B25: =AND( 'User Inputs'!$F$10=1, 'User Inputs'!$B$34="Mechanical Insulation", OR( 'User Inputs'!$B$10='Dev. Notes'!$B$17, 'User Inputs'!$B$10='Dev. Notes'!$B$18, 'User Inputs'!$B$10='Dev. Notes'!$B$19, 'User Inputs'!$B$10='Dev. Notes'!$B$20, 'User Inputs'!$B$10='Dev. Notes'!$B$21 ), OR( 'User Inputs'!$B$10='Dev. Notes'!$B$17, 'User Inputs'!$H$10='Dev. Notes'!$B$4, 'User Inputs'!$H$10="" ) ) -> FALSE
B27: Type of Ownership
B28: Direct Ownership
B29: Third-Party Ownership
B31: Solar Message Display
B32: Label | C32: Value
B33: Solar Section Label | C33: {=_xlfn.SWITCH( 'User Inputs'!$B$10, $B$18,'MEA Incentives'!$A$40, $B$19,'MEA Incentives'!$A$48, $B$20,'MEA Incentives'!$A$56, $B$21,'MEA Incentives'!$A$56, "" )}
B34: Solar Section Row | C34: =IF( $C$33="", 0, IFERROR( MATCH($C$33,'MEA Incentives'!$A$1:$A$61,0), 0 ) ) -> 0
B35: Ground Ownership Column | C35: {=IFERROR( _xlfn.SWITCH( 'User Inputs'!$D$58, $B$28,2, $B$29,3, 0 ), 0 )} -> 0
B36: Canopy Ownership Column | C36: {=IFERROR( _xlfn.SWITCH( 'User Inputs'!$D$60, $B$28,2, $B$29,3, 0 ), 0 )} -> 0
B37: Ground Rate Row | C37: =IF( $C$34=0, 0, $C$34+1 ) -> 0
B38: Canopy Rate Row | C38: =IF( $C$34=0, 0, $C$34+2 ) -> 0
B39: Solar Minimum Row | C39: =IF( $C$34=0, 0, $C$34+3 ) -> 0
B40: Solar Maximum Row | C40: =IF( $C$34=0, 0, $C$34+4 ) -> 0
B41: Ground Rate | C41: {=_xlfn.LET( _xlpm.baseRate, IF( OR($C$37<=0,$C$35<=0), 0, IFERROR( INDEX('MEA Incentives'!$A$1:$D$61,$C$37,$C$35), 0 ) ), _xlpm.bonusRate, IF( AND( _xlpm.baseRate>0, OR( 'User Inputs'!$B$10=$B$21, AND( 'User Inputs'!$B$10=$B$18, 'User Inputs'!$B$12="Yes" ) ) ), IFERROR( INDEX('MEA Incentives'!$A$1:$D$61,$C$37,4), 0 ), 0 ), _xlpm.baseRate+_xlpm.bonusRate )} -> 0
B42: Canopy Rate | C42: {=_xlfn.LET( _xlpm.baseRate, IF( OR($C$38<=0,$C$36<=0), 0, IFERROR( INDEX('MEA Incentives'!$A$1:$D$61,$C$38,$C$36), 0 ) ), _xlpm.bonusRate, IF( AND( _xlpm.baseRate>0, OR( 'User Inputs'!$B$10=$B$21, AND( 'User Inputs'!$B$10=$B$18, 'User Inputs'!$B$12="Yes" ) ) ), IFERROR( INDEX('MEA Incentives'!$A$1:$D$61,$C$38,4), 0 ), 0 ), _xlpm.baseRate+_xlpm.bonusRate )} -> 0
B43: Ground Minimum Grant | C43: {=IF( OR($C$39<=0,$C$35<=0), 0, IFERROR( INDEX('MEA Incentives'!$A$1:$D$61,$C$39,$C$35), 0 ) )} -> 0
B44: Ground Maximum Grant | C44: {=IF( OR($C$40<=0,$C$35<=0), 0, IFERROR( INDEX('MEA Incentives'!$A$1:$D$61,$C$40,$C$35), 0 ) )} -> 0
B45: Canopy Minimum Grant | C45: {=IF( OR($C$39<=0,$C$36<=0), 0, IFERROR( INDEX('MEA Incentives'!$A$1:$D$61,$C$39,$C$36), 0 ) )} -> 0
B46: Canopy Maximum Grant | C46: {=IF( OR($C$40<=0,$C$36<=0), 0, IFERROR( INDEX('MEA Incentives'!$A$1:$D$61,$C$40,$C$36), 0 ) )} -> 0
B47: Ground Raw Incentive | C47: =IF( OR( 'User Inputs'!$B$10=$B$17, 'User Inputs'!$H$10=$B$4 ), 0, IF( OR( 'User Inputs'!$H$10=$B$5, 'User Inputs'!$H$10=$B$7 ), IFERROR(--'User Inputs'!$B$58,0)*$C$41, 0 ) ) -> 0
B48: Ground Eligible Incentive | C48: =IF( OR( $C$47<=0, $C$41<=0 ), 0, $C$47 ) -> 0
B49: Canopy Raw Incentive | C49: =IF( OR( 'User Inputs'!$B$10=$B$17, 'User Inputs'!$H$10=$B$4 ), 0, IF( OR( 'User Inputs'!$H$10=$B$6, 'User Inputs'!$H$10=$B$7 ), IFERROR(--'User Inputs'!$B$60,0)*$C$42, 0 ) ) -> 0
B50: Canopy Eligible Incentive | C50: =IF( OR( $C$49<=0, $C$42<=0 ), 0, $C$49 ) -> 0
B54: Project County
B55: Allegany
B56: Anne Arundel
B57: Baltimore
B58: Baltimore City
B59: Calvert
B60: Caroline
B61: Carroll
B62: Cecil
B63: Charles
B64: Dorchester
B65: Frederick
... B90: Tandem Measure Check
B91: Label | C91: Value
B92: Tandem Measure Selected | C92: =OR( IF('User Inputs'!$F$10>=1,IFERROR(INDEX('Embedded Values'!$E$22:$E$34,MATCH('User Inputs'!$B$34,'Embedded Values'!$B$22:$B$34,0))="Tandem",FALSE),FALSE), IF('User Inputs'!$F$10>=2,IFERROR(INDEX('Embedded Values'!$E$22:$E$34,MATCH('User Inputs'!$D$34,'Embedded Values'!$B$22:$B$34,0))="Tandem",FALSE),FALSE), IF('User Inputs'!$F$10>=3,IFERROR(INDEX('Embedded Values'!$E$22:$E$34,MATCH('User Inputs'!$F$34,'Embedded Values'!$B$22:$B$34,0))="Tandem",FALSE),FALSE), IF('User Inputs'!$F$10>=4,IFERROR(INDEX('Embedded Values'!$E$22:$E$34,MATCH('User Inputs'!$H$34,'Embedded Values'!$B$22:$B$34,0))="Tandem",FALSE),FALSE) ) -> FALSE
B93: Core Measure Selected | C93: =OR( IF( 'User Inputs'!$F$10>=1, IFERROR( AND( INDEX('Embedded Values'!$E$22:$E$34,MATCH('User Inputs'!$B$34,'Embedded Values'!$B$22:$B$34,0))="Core", OR( INDEX('Embedded Values'!$F$22:$F$34,MATCH('User Inputs'!$B$34,'Embedded Values'!$B$22:$B$34,0))="All", ISNUMBER(SEARCH(";"&'User Inputs'!$B$10&";",";"&SUBSTITUTE(INDEX('Embedded Values'!$F$22:$F$34,MATCH('User Inputs'!$B$34,'Embedded Values'!$B$22:$B$34,0)),"; ",";")&";")) ) ), FALSE ), FALSE ), IF( 'User Inputs'!$F$10>=2, IFERROR( AND( INDEX('Embedded Values'!$E$22:$E$34,MATCH('User Inputs'!$D$34,'Embedded Values'!$B$22:$B$34,0))="Core", OR( INDEX('Embedded Values'!$F$22:$F$34,MATCH('User Inputs'!$D$34,'Embedded Values'!$B$22:$B$34,0))="All", ISNUMBER(SEARCH(";"&'User Inputs'!$B$10&";",";"&SUBSTITUTE(INDEX('Embedded Values'!$F$22:$F$34,MATCH('User Inputs'!$D$34,'Embedded Values'!$B$22:$B$34,0)),"; ",";")&";")) ) ), FALSE ), FALSE ), IF( 'User Inputs'!$F$10>=3, IFERROR( AND( INDEX('Embedded Values'!$E$22:$E$34,MATCH('User Inputs'!$F$34,'Embedded Values'!$B$22:$B$34,0))="Core", OR( INDEX('Embedded Values'!$F$22:$F$34,MATCH('User Inputs'!$F$34,'Embedded Values'!$B$22:$B$34,0))="All", ISNUMBER(SEARCH(";"&'User Inputs'!$B$10&";",";"&SUBSTITUTE(INDEX('Embedded Values'!$F$22:$F$34,MATCH('User Inputs'!$F$34,'Embedded Values'!$B$22:$B$34,0)),"; ",";")&";")) ) ), FALSE ), FALSE ), IF( 'User Inputs'!$F$10>=4, IFERROR( AND( INDEX('Embedded Values'!$E$22:$E$34,MATCH('User Inputs'!$H$34,'Embedded Values'!$B$22:$B$34,0))="Core", OR( INDEX('Embedded Values'!$F$22:$F$34,MATCH('User Inputs'!$H$34,'Embedded Values'!$B$22:$B$34,0))="All", ISNUMBER(SEARCH(";"&'User Inputs'!$B$10&";",";"&SUBSTITUTE(INDEX('Embedded Values'!$F$22:$F$34,MATCH('User Inputs'!$H$34,'Embedded Values'!$B$22:$B$34,0)),"; ",";")&";")) ) ), FALSE ), FALSE ), AND( 'User Inputs'!$B$10<>'Dev. Notes'!$B$17, 'User Inputs'!$H$10='Dev. Notes'!$B$5, IFERROR(--'User Inputs'!$B$58,0)>0 ), AND( 'User Inputs'!$B$10<>'Dev. Notes'!$B$17, 'User Inputs'!$H$10='Dev. Notes'!$B$6, IFERROR(--'User Inputs'!$B$60,0)>0 ), AND( 'User Inputs'!$B$10<>'Dev. Notes'!$B$17, 'User Inputs'!$H$10="Both", OR( IFERROR(--'User Inputs'!$B$58,0)>0, IFERROR(--'User Inputs'!$B$60,0)>0 ) ) ) -> FALSE
B94: Invalid Tandem Selection | C94: =AND( $C$92=TRUE, $C$93=FALSE ) -> FALSE
B97: Building Eligibility Check
B98: Restricted ECM Selected | C98: =OR( IF('User Inputs'!$F$10>=1,IFERROR(INDEX('Embedded Values'!$F$22:$F$34,MATCH('User Inputs'!$B$34,'Embedded Values'!$B$22:$B$34,0))<>"All",FALSE),FALSE), IF('User Inputs'!$F$10>=2,IFERROR(INDEX('Embedded Values'!$F$22:$F$34,MATCH('User Inputs'!$D$34,'Embedded Values'!$B$22:$B$34,0))<>"All",FALSE),FALSE), IF('User Inputs'!$F$10>=3,IFERROR(INDEX('Embedded Values'!$F$22:$F$34,MATCH('User Inputs'!$F$34,'Embedded Values'!$B$22:$B$34,0))<>"All",FALSE),FALSE), IF('User Inputs'!$F$10>=4,IFERROR(INDEX('Embedded Values'!$F$22:$F$34,MATCH('User Inputs'!$H$34,'Embedded Values'!$B$22:$B$34,0))<>"All",FALSE),FALSE) ) -> FALSE
B99: Eligible Building Type | C99: =AND( IF( 'User Inputs'!$F$10>=1, IFERROR( OR( INDEX('Embedded Values'!$F$22:$F$34,MATCH('User Inputs'!$B$34,'Embedded Values'!$B$22:$B$34,0))="All", ISNUMBER(SEARCH( ";"&'User Inputs'!$B$10&";", ";"&SUBSTITUTE(INDEX('Embedded Values'!$F$22:$F$34,MATCH('User Inputs'!$B$34,'Embedded Values'!$B$22:$B$34,0)),"; ",";")&";" )) ), FALSE ), TRUE ), IF( 'User Inputs'!$F$10>=2, IFERROR( OR( INDEX('Embedded Values'!$F$22:$F$34,MATCH('User Inputs'!$D$34,'Embedded Values'!$B$22:$B$34,0))="All", ISNUMBER(SEARCH( ";"&'User Inputs'!$B$10&";", ";"&SUBSTITUTE(INDEX('Embedded Values'!$F$22:$F$34,MATCH('User Inputs'!$D$34,'Embedded Values'!$B$22:$B$34,0)),"; ",";")&";" )) ), FALSE ), TRUE ), IF( 'User Inputs'!$F$10>=3, IFERROR( OR( INDEX('Embedded Values'!$F$22:$F$34,MATCH('User Inputs'!$F$34,'Embedded Values'!$B$22:$B$34,0))="All", ISNUMBER(SEARCH( ";"&'User Inputs'!$B$10&";", ";"&SUBSTITUTE(INDEX('Embedded Values'!$F$22:$F$34,MATCH('User Inputs'!$F$34,'Embedded Values'!$B$22:$B$34,0)),"; ",";")&";" )) ), FALSE ), TRUE ), IF( 'User Inputs'!$F$10>=4, IFERROR( OR( INDEX('Embedded Values'!$F$22:$F$34,MATCH('User Inputs'!$H$34,'Embedded Values'!$B$22:$B$34,0))="All", ISNUMBER(SEARCH( ";"&'User Inputs'!$B$10&";", ";"&SUBSTITUTE(INDEX('Embedded Values'!$F$22:$F$34,MATCH('User Inputs'!$H$34,'Embedded Values'!$B$22:$B$34,0)),"; ",";")&";" )) ), FALSE ), TRUE ) ) -> TRUE
B100: Invalid Building Eligibility | C100: =AND( $C$98=TRUE, $C$99=FALSE ) -> FALSE
B105: Formatting Notes
B106: Font | C106: Aptos
B107: Column headings in sections | C107: size 16, Bold
B108: field names | C108: size 14
B109: User inputs | C109: size 18, navy blue on white (yellow background when empty)
B110: Auto-calculated fields | C110: size 18, dark blue on gray
B111: Text in cells | C111: Left indent, 1
B112: Border Colors | C112: #A6A6A6 for bounding boxes -- external borders (only)
B113: Border Colors | C113: #D9D9D9 for internal borders
